 Dungeon Crawl Stone Soup version 0.21.1-1-g345015f (webtiles) character file.

69389526 tidbits the Acrobat (level 27, 235/235 HPs)
             Began as a Gnoll Transmuter on Mar 26, 2018.
             Was a High Priest of Cheibriados.
             Escaped with the Orb
             ... and 15 runes on Mar 27, 2018!
             The game lasted 10:48:05 (20736 turns).

tidbits the Acrobat (Gnoll Transmuter)             Turns: 20736, Time: 10:48:06

Health: 235/235    AC: 22    Str: 32      XL:     27
Magic:  48/48      EV: 39    Int: 46 (48) God:    Cheibriados [*****.]
Gold:   2507       SH: 25    Dex: 33      Spells: 0/69 levels left

rFire    + . .     SeeInvis .   v - +3 eudemon blade (holy)
rCold    . . .     Gourm    .   D - +5 shield
rNeg     + . .     Faith    .   B - +1 leather armour "Koopeiq" {Regen+ Dex-2 Slay+5}
rPois    .         Spirit   .   E - +2 helmet of the Quahog {rN+ Int+2 Slay+3}
rElec    +         Reflect  .   C - +0 cloak of Valour {Regen+ MP+9} (curse)
rCorr    .         Harm     .   G - +2 pair of gloves {archery}
MR       ++...                  F - +2 pair of boots "Henomen" {+Fly}
Stlth    +++.......             R - amulet of magic regeneration
HPRegen  1.29/turn              W - ring of Tidwuf {Wiz rElec Int+2}
MPRegen  0.56/turn              u - ring of Buxita {rF+ Str+7 Int+5 Dex+3}

@: studying Throwing, very slow
A: distributed training, claws 1, fangs 1, rugged brown scales 1, thin metallic
scales 1, deformed body, deterioration 2, low mp 2, mutation resistance 1,
subdued magic 1, strong nose
0: Orb of Zot
}: 15/15 runes: decaying, serpentine, slimy, silver, golden, iron, obsidian,
icy, bone, abyssal, demonic, glowing, magical, fiery, dark
a: Bend Time, Temporal Distortion, Slouch, Step From Time, Renounce Religion,
Evoke Flight


You escaped.
You worshipped Cheibriados.
Cheibriados was extremely pleased with you.
You were not hungry.

You visited 17 branches of the dungeon, and saw 87 of its levels.
You visited Pandemonium 2 times, and saw 18 of its levels.
You visited the Abyss 2 times.
You visited 1 ziggurat, and saw 11 of its levels.
You also visited: Labyrinth and Bailey.

You collected 7893 gold pieces.
You spent 5386 gold pieces at shops.

Inventory:

Hand Weapons
 a - a +9 vampiric demon blade
   (You took it off a minotaur in a labyrinth)
 b - a +4 broad axe of electrocution
   (You took it off a tengu reaver on level 5 of the Vaults)
 v - a +3 eudemon blade of holy wrath (weapon)
   (You took it off Mennas on level 2 of the Vaults)
 Y - the +4 staff of Dispater
   (You took it off Dispater on level 7 of the Iron City of Dis)
Missiles
 h - 4 tomahawks of returning (quivered)
 x - 264 arrows
 N - 2 throwing nets {!f}
Armour
 B - the +1 leather armour "Koopeiq" (worn) {Regen+ Dex-2 Slay+5}
   (You found it on level 8 of the Dungeon)

   It affects your dexterity (-2).
   It affects your accuracy and damage with ranged weapons and melee attacks
   (+5).
   It increases your rate of regeneration.
 C - the cursed +0 cloak of Valour (worn) {Regen+ MP+9}
   (You found it on level 7 of Tartarus)

   It affects your magic capacity (+9).
   It increases your rate of regeneration.
   It has a curse placed upon it.
 D - a +5 shield (worn)
 E - the +2 helmet of the Quahog (worn) {rN+ Int+2 Slay+3}
   (You found it on level 10 of a ziggurat)

   It affects your intelligence (+2).
   It affects your accuracy and damage with ranged weapons and melee attacks
   (+3).
   It protects you from negative energy.
 F - the +2 pair of boots "Henomen" (worn) {+Fly}
   (You found it on level 5 of the Vaults)

   It lets you fly.
 G - a +2 pair of gloves of archery (worn)
   (You found it on level 5 of the Vaults)
Magical Staves
 e - an uncursed staff of energy {!a}
   (You found it on level 5 of the Vaults)
Jewellery
 k - the ring of Siulinic {-Tele rN+ AC+5 Str+3}
   (You found it on level 7 of the Iron City of Dis)

   [ring of protection]

   It affects your AC (+5).
   It affects your strength (+3).
   It protects you from negative energy.
   It prevents most forms of teleportation.
 l - the ring "Relitel" {rCorr Str+5}
   (You found it in Pandemonium)

   [ring of resist corrosion]

   It affects your strength (+5).
 u - the ring of Buxita (right hand) {rF+ Str+7 Int+5 Dex+3}
   (You bought it in a shop on level 1 of the Snake Pit)

   [ring of protection from fire]

   It affects your strength (+7).
   It affects your intelligence (+5).
   It affects your dexterity (+3).
   It protects you from fire.
 I - the ring of the Thirteen Deaths {EV+2 SInv}
   (You found it on level 7 of a ziggurat)

   [ring of evasion]

   It affects your evasion (+2).
   It lets you see invisible.
 P - the ring "Jamahang" {Ice MR++ Str+3}
   (You took it off an ironbrand convoker on level 5 of the Vaults)

   [ring of ice]

   It enhances your ice magic.
   It affects your strength (+3).
   It makes you vulnerable to fire.
   It protects you from cold.
   It affects your resistance to hostile enchantments.
 R - an amulet of magic regeneration (around neck)
   (You took it off a minotaur in a labyrinth)
 W - the ring of Tidwuf (left hand) {Wiz rElec Int+2}
   (You found it on level 9 of a ziggurat)

   [ring of wizardry]

   It improves your spell success rate.
   It affects your intelligence (+2).
   It insulates you from electricity.
 X - the ring of Tifidd {*Drain rPois MR++ AC+4 Stlth+}
   (You found it in Pandemonium)

   [ring of protection]

   It affects your AC (+4).
   It protects you from poison.
   It affects your resistance to hostile enchantments.
   It causes draining when unequipped.
   It makes you more stealthy.
Wands
 o - a wand of acid (2)
 p - a wand of paralysis (53)
 M - a wand of iceblast (29)
Scrolls
 i - 3 scrolls of identify
 r - 14 scrolls of remove curse
 t - 6 scrolls of fear
 w - 4 scrolls of enchant armour
 y - 7 scrolls of immolation
 H - 4 scrolls of silence
 K - a scroll of blinking
Potions
 f - 10 potions of brilliance
 m - 4 potions of resistance
 n - 2 potions of agility
 z - 2 potions of flight
 L - 8 potions of mutation {!q}
 O - 6 potions of ambrosia
 Q - 11 potions of curing
Books
 A - a book of the Warp
   (You found it on level 7 of Cocytus)

   Spells                             Type                      Level
   a - Gell's Gravitas                Translocation                3
   b - Portal Projectile              Hexes/Translocation          3
   c - Force Lance                    Conjuration/Translocation    4
   d - Dispersal                      Translocation                6
   e - Controlled Blink               Translocation                8
   f - Disjunction                    Translocation                8
 S - a manual of Throwing
   (You found it in Pandemonium)
 U - a book of the Tempests
   (You found it in Pandemonium)

   Spells                             Type                      Level
   a - Static Discharge               Conjuration/Air              3
   b - Lightning Bolt                 Conjuration/Air              5
   c - Ignition                       Fire                         8
   d - Tornado                        Air                          9
   e - Shatter                        Earth                        9
Miscellaneous
 d - 2 phantom mirrors
 g - a lamp of fire
 s - 4 boxes of beasts
 V - a sack of spiders
 Z - a lightning rod (4/4)
Comestibles
 c - 25 rations


   Skills:
 + Level 21.6 Fighting
 + Level 21.5 Short Blades
 + Level 21.5 Long Blades
 + Level 21.5 Axes
 + Level 21.5 Maces & Flails
 + Level 21.5 Polearms
 + Level 21.5 Staves
 + Level 21.5 Slings
 + Level 21.5 Bows
 + Level 21.5 Crossbows
 + Level 23.6 Throwing
 + Level 21.5 Armour
 + Level 25.5 Dodging
 + Level 21.5 Stealth
 + Level 21.5 Shields
 + Level 22.1 Unarmed Combat
 + Level 21.9 Spellcasting
 + Level 18.7 Conjurations
 + Level 18.7 Hexes
 + Level 18.7 Charms
 + Level 18.7 Summonings
 + Level 18.7 Necromancy
 + Level 18.7 Translocations
 + Level 19.0 Transmutations
 + Level 18.7 Fire Magic
 + Level 18.7 Ice Magic
 + Level 18.7 Air Magic
 + Level 18.7 Earth Magic
 + Level 18.7 Poison Magic
 + Level 23.1 Invocations
 + Level 21.5 Evocations


You couldn't memorise any spells.
You knew the following spells:

 Your Spells              Type           Power        Failure   Level  Hunger
b - Blink                 Tloc           N/A          0%          2    None
g - Passage of Golubria   Tloc           N/A          0%          4    None
k - Sticks to Snakes      Tmut           ########     0%          2    None
l - Lesser Beckoning      Tloc           ########..   0%          3    None
p - Passwall              Tmut/Erth      ########..   0%          2    None
r - Regeneration          Chrm/Necr      ########..   0%          3    None
s - Statue Form           Tmut/Erth      ########.    0%          6    None
v - Borgnjor's Vile Clut  Necr/Erth      ########..   0%          5    None
y - Song of Slaying       Chrm           ########     0%          2    None
A - Apportation           Tloc           ######       0%          1    None
D - Lee's Rapid Deconstr  Erth           ########..   0%          5    None
E - Shatter               Erth           ########..   4%          9    None
G - Ignition              Fire           ########..   1%          8    None
J - Disjunction           Tloc           ########..   1%          8    None
L - Summon Lightning Spi  Summ/Air       ########     0%          4    None
R - Irradiate             Conj/Tmut      ########..   0%          5    None


Dungeon Overview and Level Annotations

Branches:
Dungeon (15/15)            Temple (1/1) D:4            Lair (6/6) D:8
  Swamp (4/4) Lair:2        Snake (4/4) Lair:3        Slime (5/5) Lair:6
    Orc (2/2) D:9          Vaults (5/5) D:13          Crypt (3/3) Vaults:2
   Tomb (3/3) Crypt:3      Depths (5/5) D:15           Hell (1/1)
    Dis (7/7) Hell            Geh (7/7) Hell            Coc (7/7) Hell
    Tar (7/7) Hell            Zot (5/5) Depths:5
    Elf: Orc:2

Altars:
Ashenzari
Cheibriados
Dithmenos
Fedhas
Gozag
Hepliaklqana
Makhleb
Nemelex Xobeh
Okawaru
Qazlal
Sif Muna
Trog
Uskayaw
Vehumet
Wu Jian
Xom
Yredelemnul
Zin
The Shining One
Beogh
Jiyva

Shops:
D:5 *   D:7 }[(!   D:10 :   D:14 =   Orc:2 =}[   Snake:1 =*((   Vaults:4 *
Depths:5 [

Portals:
Hell: Depths:3
Abyss: Depths:4
Pandemonium: Depths:5


Innate Abilities, Weirdness & Mutations

Your experience applies equally to all skills.
You have very sharp teeth.
Your uncanny sense of smell can sniff out nearby items.
You have sharp fingernails.
You are partially covered in rugged brown scales. (AC +1, +3% HP)
You are partially covered in thin metallic scales. (AC +2)
Armour fits poorly on your strangely shaped body.
Your body often deteriorates upon taking damage.
Your magical capacity is very low. (-20% MP)
You are somewhat resistant to further mutation.
Your spells are a little easier to cast, but a little less powerful.


Message History

Your +2 pair of gloves of archery melds into your body.
The +2 pair of boots "Henomen" {+Fly} melds into your body.
The +1 leather armour "Koopeiq" {Regen+ Dex-2 Slay+5} melds into your body.
Your aim is not that steady anymore.
Casting: Statue Form
Confirm with . or Enter, or press ? or * to list all spells.
Aiming: Borgnjor's Vile Clutch
Press: ? - help, Dir - move target cursor, f - angel
Aim: an angel, wielding a whip of holy wrath and wearing a robe (haloed) Decaying hands burst forth from the earth!
Zombie hands grab the angel.
The zombie hands constrict the angel!!
The angel struggles to escape constriction. x2
The zombie hands constrict the angel!!
The angel struggles to escape constriction.
The angel escapes!
Casting: Borgnjor's Vile Clutch
Confirm with . or Enter, or press ? or * to list all spells.
Aiming: Borgnjor's Vile Clutch
Press: ? - help, Dir - move target cursor, f/p - angel
Aim: an angel, wielding a whip of holy wrath and wearing a robe (moderately wounded, haloed) Decaying hands burst forth from the earth!
Zombie hands grab the angel.
The zombie hands constrict the angel!!
The angel gestures.
The angel is healed somewhat.
You block the angel's attack. x2
You slice the angel!! You bite the angel, but do no damage.
The angel is severely wounded.
The zombie hands constrict the angel.
The angel gestures.
The angel is healed somewhat.
You block the angel's attack. The angel barely misses you.
You carve the angel like a ham!!!
You kill the angel!
Cheibriados thoroughly appreciates the change of pace.
Unknown command.
Unknown command.
Unknown command.
A rust devil comes into view.
Things that are here:
a ring mail; a dagger; an orc skeleton You slice the rust devil!!
The rust devil convulses.
You bite the rust devil, but do no damage.
The rust devil is severely wounded.
You block the rust devil's attack.
You hit the rust devil but do no damage.
You bite the rust devil.
The rust devil is severely wounded.
You block the rust devil's attack.
You slice the rust devil!!
You kill the rust devil!
Cheibriados thoroughly appreciates the change of pace.
Casting: Borgnjor's Vile Clutch
Confirm with . or Enter, or press ? or * to list all spells.
Which direction?
You begin to meditate on the wall.
You continue meditating on the rock.
Magic restored.
You continue meditating on the rock.
You finish merging with the rock.
Casting: Passwall
Confirm with . or Enter, or press ? or * to list all spells.
Which direction?
You begin to meditate on the wall.
You continue meditating on the rock. x6
You finish merging with the rock.
Casting: Passwall
Confirm with . or Enter, or press ? or * to list all spells.
Which direction?
You begin to meditate on the wall.
You continue meditating on the rock. x2
You finish merging with the rock.
You climb upwards.
There is a stone staircase leading down here.
Unknown command.
Casting: Passwall
Confirm with . or Enter, or press ? or * to list all spells.
Which direction?
Your transformation is almost over.
You begin to meditate on the wall.
You continue meditating on the rock. x2
Magic restored.
You finish merging with the rock.
Casting: Passwall
Confirm with . or Enter, or press ? or * to list all spells.
Which direction?
You begin to meditate on the wall.
You continue meditating on the rock. x2
You finish merging with the rock.
You revert to your normal fleshy form.
Your +2 pair of gloves of archery unmelds from your body.
The +2 pair of boots "Henomen" {+Fly} unmelds from your body.
The +1 leather armour "Koopeiq" {Regen+ Dex-2 Slay+5} unmelds from your body.
You feel that your aim is more steady.
There is a stone staircase leading up here.
You climb upwards.
There is a stone staircase leading down here.
Unknown command.
Unknown command.
You see here a club.
You enter the shallow water.
Moving in this stuff is going to be slow.
There is a staircase leading out of the dungeon here.
You can't go down here!
You have escaped!

####.#.###.......#.#####...
#...#...##.#####.#.# ###.
#...#.#....# #.#.# #.
#..##≈≈≈≈≈## #...# #####
##.##♣≈≈≈♣# #.#.# #.. . #.#
#♣≈≈### #.#.# #.###
#.#.##≈##.# ..#.####.# #
#.#...≈...# ####......# #
#.#.##≈##@# #####..### #.#
#♣≈♣### #....).).
####♣≈≈≈♣# #.##..##.
#####≈≈≈≈≈## # #.....
#..........## ....##.
#............. .....###
#.)#####.##.## #.........
#..# #.# .# ...........
#..# #.##.###.##.....####


There were no monsters in sight!

Vanquished Creatures
  Cerebov (Pan)
  Antaeus (Coc:7)
  Asmodeus (Geh:7)
  the Royal Jelly (Slime:5)
  Ereshkigal (Tar:7)
  A seraph (Pan)
  the Serpent of Hell (Tar:7)
  Dispater (Dis:7)
  Gloorx Vloq (Pan)
  4 orbs of fire
  A juggernaut (Zig:5)
  Mennas (Vaults:2)
  Mara (Vaults:2)
  11 pandemonium lords
  14 ancient liches
  24 greater mummies
  6 shard shrikes (Coc:6)
  Frederick (Crypt:2)
  Bai Suzhen (Vaults:2)
  Geryon (Hell)
  Saint Roka (Depths:2)
  4 Killer Klowns (Zot:5)
  A curse toe (Zot:2)
  8 golden dragons
  8 bone dragons
  16 Tzitzimimeh
  7 iron giants (Dis:7)
  7 liches
  Jorgrun (Snake:3)
  4 doom hounds
  19 Brimstone Fiends
  4 electric golems
  9 Hell Sentinels
  14 tentacled monstrosities
  39 Orb Guardians
  17 Ice Fiends
  The ghost of tidbits the Martial Artist, an adept GnTm of Cheibriados (Slime:5)
  3 titans (Vaults:5)
  2 deep elf blademasters (Abyss:5)
  8 acid blobs
  15 Executioners
  Murray (Hell)
  3 quicksilver dragons
  7 ancient champions
  A tentacled starspawn (Abyss:5)
  16 shadow dragons
  6 sphinxes
  6 death cobs
  2 thorn hunters
  Kirke (Swamp:2)
  6 storm dragons
  4 revenants
  8 tengu reavers
  A draconian monk (Zig:11)
  4 azure jellies
  7 nagarajas
  2 daevas
  2 blood saints (Pan)
  27 balrugs
  A draconian knight (Zot:5)
  5 iron dragons
  8 frost giants
  3 ghost moths
  9 vault wardens
  9 fire giants
  2 draconian scorchers
  2 deep elf sorcerers (Abyss:5)
  2 curse skulls
  4 draconian stormcallers
  17 cacodemons
  An orc warlord (Orc:2)
  5 warmongers
  A juggernaut zombie (Zig:8)
  9 ironheart preservers
  3 draconian shifters
  20 ghouls
  2 spriggan defenders
  15 stone giants
  3 angels
  48 reapers
  3 ophanim (Pan)
  An elemental wellspring (Coc:7)
  18 war gargoyles
  2 draconian annihilators
  4 green draconians
  4 corrupters
  7 vampire knights
  An apis (Pan)
  10 very ugly things
  A deep elf annihilator (Vaults:5)
  2 entropy weavers (Vaults:2)
  5 black draconians
  A deep elf demonologist (Depths:4)
  4 bennus
  4 white draconians
  4 purple draconians
  A red draconian (Depths:5)
  5 lorocyprocas
  3 spark wasps
  6 yellow draconians
  2 deep elf death magi (Crypt:1)
  A merfolk javelineer (Zig:3)
  17 blizzard demons
  A crystal guardian (Vaults:3)
  12 ettins
  2 kraken zombies
  A minotaur (Lab)
  9 yaktaur captains
  2 merfolk impalers
  9 death oozes (Slime:5)
  2 eidola
  5 quicksilver dragon zombies
  3 green deaths
  A jiangshi (Crypt:2)
  11 fire dragons
  21 mummy priests
  11 ogre magi
  3 deep elf high priests (Vaults:5)
  9 great orbs of eyes
  4 rakshasas
  5 naga warriors
  23 vault guards
  4 monstrous demonspawn
  19 ice dragons
  3 quicksilver dragon skeletons
  2 hell beasts
  24 hydras
  6 centaur warriors
  2 anacondas (Snake:3)
  4 ghost crabs
  27 two-headed ogres
  7 alligators
  2 satyrs (Abyss:5)
  6 deep troll shamans
  3 death knights
  38 death scarabs
  2 vampire magi
  16 hell hogs
  4 orc high priests (Orc:2)
  6 shock serpents
  A tengu warrior (Depths:3)
  7 deep troll earth magi
  2 thrashing horrors (Zig:11)
  4 iron golems (Dis:7)
  3 titan zombies
  6 spriggan berserkers
  57 skeletal warriors
  12 naga sharpshooters
  2 wretched stars (Zig:11)
  22 soul eaters
  42 sun demons
  5 storm dragon zombies
  2 titan skeletons
  32 hell knights
  A ghost moth zombie (Tar:7)
  6 shadow wraiths
  12 iron trolls
  11 sixfirhies
  A storm dragon skeleton (Geh:7)
  A spriggan druid (Swamp:4)
  2 shambling mangroves
  2 golden dragon zombies
  13 flayed ghosts
  2 infernal demonspawn
  6 cherubim
  2 death drakes
  4 glowing orange brains
  12 swamp dragons
  2 sea snakes
  16 shadow demons
  3 anaconda zombies
  6 wizards
  16 deep trolls
  8 ironbrand convokers
  A torturous demonspawn (Pan)
  A swamp dragon (shapeshifter) (Depths:3)
  6 naga ritualists
  An orange crystal statue (Zot:5)
  20 phantasmal warriors
  An obsidian statue (Zot:5)
  3 unseen horrors
  2 shadow dragon zombies
  3 anaconda skeletons
  A lindwurm (Lair:6)
  Pikel (D:6)
  4 gelid demonspawn
  8 harpies (Zig:3)
  11 necromancers
  A lindwurm (shapeshifter) (Vaults:3)
  3 stone giant zombies
  6 wolf spider zombies
  2 golden dragon skeletons
  3 iron dragon zombies
  10 orc knights
  2 shining eyes
  9 cyclopes
  2 orc sorcerers
  6 mana vipers
  2 wolf spiders
  2 moths of wrath (shapeshifter)
  28 ugly things
  6 deep elf magi
  6 frost giant zombies
  5 iron dragon skeletons
  11 fire giant zombies
  3 shadow dragon skeletons
  5 worldbinders (Abyss:5)
  24 black mambas
  3 guardian serpents
  28 slime creatures
  2 shock serpent zombies
  6 frost giant skeletons
  A guardian serpent (shapeshifter) (D:14)
  2 centaur zombies
  9 salamanders
  4 human skeletons
  5 stone giant skeletons
  An ice statue (Hell)
  17 naga magi
  8 moths of wrath
  4 dire elephant zombies
  11 vault sentinels
  2 titan simulacra
  3 water nymphs
  An apocalypse crab (Zig:11)
  2 centaur skeletons
  3 dire elephant skeletons
  8 fire giant skeletons
  12 molten gargoyles
  30 rust devils
  An eye of devastation (Slime:5)
  20 smoke demons
  8 spiny frogs
  18 orange demons
  A kobold demonologist (D:11)
  27 hellions
  3 shock serpent skeletons
  4 storm dragon simulacra
  A rime drake (Lair:3)
  2 gargoyles
  4 komodo dragons
  25 freezing wraiths
  14 yaktaurs
  A catoblepas zombie (Geh:7)
  4 spectral swamp worms (Depths:2)
  A komodo dragon (shapeshifter) (Vaults:5)
  14 efreet
  An elf zombie (Zig:6)
  7 hellwings
  24 tormentors
  An ancient zyme (Zig:11)
  40 ice devils
  6 hydra zombies
  57 guardian mummies
  2 silent spectres
  4 anaconda simulacra
  2 harpy zombies (Dis:7)
  34 red devils
  6 trolls
  A merfolk (Zig:2)
  A minotaur zombie (Coc:7)
  A harpy skeleton (Geh:5)
  16 hornets
  A hornet (shapeshifter) (Vaults:5)
  Grinder (D:4)
  9 hydra skeletons
  3 tyrant leeches
  3 ettin zombies
  7 bog bodies
  An iron dragon simulacrum (Coc:2)
  A blink frog (Zig:10)
  5 hippogriffs
  A raiju (Zig:11)
  29 large abominations
  A fire giant simulacrum (Tar:4)
  2 meliai zombies
  6 fire dragon skeletons
  3 ice dragon zombies
  5 alligator zombies
  A satyr skeleton (Crypt:1)
  An ettin skeleton (Coc:7)
  83 flying skulls
  13 ice dragon skeletons
  3 vampires (Vaults:2)
  39 shadows
  10 spriggans
  3 starcursed masses (Abyss:5)
  4 hogs (Swamp:2)
  3 alligator skeletons
  2 dire elephant simulacra
  13 water elementals
  14 ushabtiu
  10 golden eyes
  11 ynoxinuls (Pan)
  4 basilisks (Lair:6)
  18 yaks
  2 basilisks (shapeshifter)
  A human (D:13)
  A wyvern (Lair:6)
  A yak (shapeshifter) (Depths:2)
  7 hungry ghosts
  22 wraiths
  7 fire elementals
  18 chaos spawn
  Eustachio (D:5)
  14 neqoxecs
  A steam dragon (D:9)
  A black mamba skeleton (Geh:5)
  9 swamp worms
  18 vampire mosquitoes
  A monstrous demonspawn zombie (Tar:2)
  5 wargs
  Menkaure (D:4)
  A harpy simulacrum (Tomb:3)
  An insubstantial wisp (Zig:10)
  37 nagas
  A merfolk zombie (Tar:3)
  2 spatial vortices
  An acid dragon (Vaults:2)
  2 soldier ants (D:15)
  3 spiny frog zombies
  2 water moccasins
  3 floating eyes
  35 hell hounds
  3 hydra simulacra
  4 porcupines
  A floating eye (shapeshifter) (D:13)
  2 tengu skeletons
  2 black bears
  An infernal demonspawn skeleton (Tar:5)
  7 ice beasts
  8 sky beasts
  3 eyes of draining
  An ice dragon simulacrum (Coc:7)
  6 phantoms
  2 ettin simulacra
  A snapping turtle zombie (Hell)
  7 swamp drakes
  2 swamp dragon zombies
  A manticore zombie (Dis:5)
  14 necrophages
  An alligator simulacrum (Coc:7)
  A slave (D:6)
  4 spiny frog skeletons
  25 ogres
  58 orc warriors
  A blink frog zombie (Crypt:2)
  A hog zombie (Crypt:1)
  4 boggarts (Vaults:2)
  9 centaurs
  4 crocodiles
  35 wolves
  3 manticore skeletons
  A swamp dragon skeleton (Pan)
  The ghost of bosm the Bolt Thrower, an amateur DsHu (D:4)
  A snapping turtle skeleton (Tar:7)
  A big kobold (shapeshifter) (Depths:2)
  A draconian zombie (Crypt:1)
  A big kobold (D:8)
  13 bullfrogs
  A bullfrog (shapeshifter) (Depths:4)
  A water moccasin zombie (Crypt:1)
  A scorpion (D:14)
  3 small abominations
  A manticore simulacrum (Tar:4)
  23 wights
  2 electric eels
  3 howler monkeys
  11 crimson imps
  A bullfrog zombie (D:12)
  A human zombie (Hell)
  3 lava snakes (Lair:6)
  A human simulacrum (Vaults:4)
  A jelly (D:9)
  A gnoll shaman (D:7)
  27 orc priests
  8 hounds
  4 iguanas
  14 iron imps
  Natasha (twice) (D:3)
  A lightning spire (Zig:8)
  9 worker ants
  23 orc wizards
  A spriggan simulacrum (Tomb:2)
  A naga zombie (Coc:7)
  A tengu zombie (Dis:5)
  A felid skeleton (Crypt:1)
  A hound skeleton (D:4)
  43 mummies
  A howler monkey zombie (D:5)
  7 adders
  24 gnolls
  10 shadow imps
  19 white imps
  An ufetubus (Hell)
  3 adder zombies
  An iguana zombie (Crypt:2)
  An adder skeleton (D:4)
  2 worms (D:2)
  A barachi zombie (Crypt:2)
  A dart slug (D:3)
  5 leopard geckos
  136 orcs
  3 bats
  3 giant cockroaches (D:1)
  5 goblins
  5 hobgoblins
  3 jackals (D:2)
  7 quokkas
  A ball python skeleton (Crypt:1)
  3 frilled lizards
  A hobgoblin zombie (Crypt:2)
  5 kobolds
  A leopard gecko skeleton (Crypt:2)
  An orc skeleton (Pan)
  An orc zombie (Crypt:2)
  3 rats
  2 starspawn tentacles (Abyss:5)
  5 tentacles
3174 creatures vanquished.

Vanquished Creatures (collateral kills)
  Mnoleg (Pan)
  An Ice Fiend (Pan)
  A titan (Vaults:5)
  2 acid blobs
  A shadow dragon (Vaults:5)
  2 nagarajas (Snake:4)
  A tengu reaver (Vaults:5)
  An azure jelly (Slime:5)
  An iron dragon (Depths:3)
  A very ugly thing (Vaults:5)
  A reaper (Tar:7)
  4 stone giants
  A white draconian (Zot:5)
  2 great orbs of eyes
  An ice dragon (Coc:7)
  A hydra (Swamp:4)
  A naga warrior (Snake:2)
  A two-headed ogre (Depths:2)
  5 vault guards (Vaults:5)
  A ghost crab (Swamp:4)
  A naga sharpshooter (Snake:3)
  A deep troll shaman (Depths:2)
  A spriggan berserker (Swamp:4)
  2 skeletal warriors (Vaults:2)
  An iron troll (Depths:2)
  A sixfirhy (Pan)
  A spark wasp zombie (Depths:2)
  4 deep trolls
  A shadow demon (Tar:7)
  3 swamp dragons (Swamp:4)
  A shambling mangrove (Swamp:4)
  4 shining eyes
  2 ugly things
  An orc knight (Vaults:5)
  A deep elf mage (Vaults:5)
  A black mamba (Lair:6)
  3 eyes of devastation
  2 naga magi
  2 yaktaurs
  5 orange demons
  A spectral swamp worm (Depths:2)
  A komodo dragon (Lair:6)
  A freezing wraith (Dis:7)
  A harpy zombie (Coc:7)
  4 bog bodies (Swamp:4)
  4 slime creatures
  A spriggan (Depths:4)
  A tarantella (shapeshifter) (Vaults:5)
  2 yaks (Lair:4)
  5 water elementals (Depths:2)
  A golden eye (Pan)
  5 neqoxecs (Pan)
  A hungry ghost (D:15)
  A warg (Vaults:5)
  A steam dragon (Lair:6)
  3 nagas
  2 acid dragons
  3 orc warriors
  2 swamp drakes (Swamp:4)
  2 eyes of draining
  An ogre (Depths:2)
  A water moccasin skeleton (D:8)
  A lava snake (Lair:6)
  A gnoll (D:8)
  5 orcs
  A goblin (D:1)
  3 kobolds (D:8)
123 creatures vanquished.

Vanquished Creatures (others)
  A bone dragon (Tar:7)
  7 eldritch tentacles
  A frost giant (Depths:3)
  An elemental wellspring (Coc:7)
  A vampire knight (Vaults:2)
  A rakshasa (Pan)
  45 death scarabs
  A hell hog (Geh:7)
  A skeletal warrior (Tomb:2)
  A cherub (Pan)
  An anaconda zombie (Geh:1)
  A wizard (Pan)
  A glowing orange brain (Pan)
  A swamp dragon (Zig:10)
  An orc knight (Vaults:3)
  A shadow dragon skeleton (Geh:5)
  2 ugly things (Swamp:4)
  2 smoke demons
  A hellwing (Pan)
  A guardian mummy (Tomb:2)
  2 red devils
  14 flying skulls
  4 wraiths
  A starcursed mass (Abyss:5)
  2 water elementals (Depths:3)
  A ynoxinul (Pan)
  2 golden eyes (Tomb:2)
  A swamp worm (Swamp:1)
  A snapping turtle skeleton (Tomb:2)
  A crimson imp (Depths:3)
  An orc priest (D:6)
  An iron imp (Dis:7)
  An orc wizard (D:6)
  6 mummies
  A shadow imp (Zot:5)
  An ufetubus (Tomb:2)
  2 orcs (D:6)
  A briar patch (Abyss:5)
  A fire vortex (Tomb:2)
  A fungus (Lair:2)
  3 spectral weapons
  2 starspawn tentacles (Abyss:5)
  9 tentacles
131 creatures vanquished.

Grand Total: 3428 creatures vanquished

Notes
Turn   | Place    | Note
-------+----------+-------------------------------------------
     0 | D:1      | tidbits the Gnoll Transmuter began the quest for the Orb.
     0 | D:1      | Reached XP level 1. HP: 17/17 MP: 6/6
    40 | D:1      | Reached XP level 2. HP: 21/23 MP: 5/7
    44 | D:1      | Learned a level 2 spell: Sticks to Snakes
   327 | D:2      | Reached skill level 5 in Spellcasting
   327 | D:2      | Reached XP level 3. HP: 27/28 MP: 6/9
   332 | D:2      | Learned a level 3 spell: Spider Form
   393 | D:2      | Reached skill level 1 in Invocations
   444 | D:2      | Reached skill level 1 in Short Blades
   444 | D:2      | Reached skill level 1 in Long Blades
   444 | D:2      | Reached skill level 1 in Axes
   444 | D:2      | Reached skill level 1 in Maces & Flails
   444 | D:2      | Reached skill level 1 in Polearms
   444 | D:2      | Reached skill level 1 in Staves
   444 | D:2      | Reached skill level 1 in Slings
   444 | D:2      | Reached skill level 1 in Bows
   444 | D:2      | Reached skill level 1 in Crossbows
   444 | D:2      | Reached skill level 1 in Throwing
   444 | D:2      | Reached skill level 1 in Armour
   444 | D:2      | Reached skill level 1 in Stealth
   444 | D:2      | Reached skill level 1 in Shields
   444 | D:2      | Reached skill level 1 in Evocations
   541 | D:3      | Reached XP level 4. HP: 34/34 MP: 7/11
   547 | D:3      | Learned a level 4 spell: Ice Form
   608 | D:3      | Noticed Natasha
   621 | D:3      | Killed Natasha
   654 | D:3      | Reached skill level 1 in Conjurations
   654 | D:3      | Reached skill level 1 in Hexes
   654 | D:3      | Reached skill level 1 in Charms
   654 | D:3      | Reached skill level 1 in Summonings
   654 | D:3      | Reached skill level 1 in Necromancy
   654 | D:3      | Reached skill level 1 in Translocations
   654 | D:3      | Reached skill level 1 in Fire Magic
   654 | D:3      | Reached skill level 1 in Ice Magic
   654 | D:3      | Reached skill level 1 in Air Magic
   654 | D:3      | Reached skill level 1 in Earth Magic
   654 | D:3      | Reached skill level 1 in Poison Magic
   654 | D:3      | Reached XP level 5. HP: 37/40 MP: 5/12
   727 | D:4      | Found a staircase to the Ecumenical Temple.
   727 | D:4      | Noticed Menkaure
   731 | D:4      | Noticed bosm's ghost (amateur DsHu)
   734 | D:4      | Noticed Grinder
   756 | D:3      | Reached skill level 3 in Fighting
   777 | D:4      | Gained mutation: You are clumsy. (Dex -2) [potion of mutation]
   777 | D:4      | Gained mutation: Your spells are a little harder to cast, but a little more powerful. [potion of mutation]
   777 | D:4      | Gained mutation: You tend to lose your temper in combat. [potion of mutation]
   777 | D:4      | Gained mutation: You have large cloven feet. [potion of mutation]
   784 | D:4      | Paralysed by Grinder for 3 turns
   788 | D:4      | Killed Grinder
   788 | D:4      | Reached skill level 2 in Short Blades
   788 | D:4      | Reached skill level 2 in Long Blades
   788 | D:4      | Reached skill level 2 in Axes
   788 | D:4      | Reached skill level 2 in Maces & Flails
   788 | D:4      | Reached skill level 2 in Polearms
   788 | D:4      | Reached skill level 2 in Staves
   788 | D:4      | Reached skill level 2 in Slings
   788 | D:4      | Reached skill level 2 in Bows
   788 | D:4      | Reached skill level 2 in Crossbows
   788 | D:4      | Reached skill level 2 in Throwing
   788 | D:4      | Reached skill level 2 in Armour
   788 | D:4      | Reached skill level 5 in Dodging
   788 | D:4      | Reached skill level 2 in Stealth
   788 | D:4      | Reached skill level 2 in Shields
   788 | D:4      | Reached skill level 4 in Transmutations
   788 | D:4      | Reached skill level 2 in Invocations
   788 | D:4      | Reached skill level 2 in Evocations
   788 | D:4      | Reached XP level 6. HP: 44/47 MP: 8/14
   793 | D:4      | Killed bosm's ghost
   793 | D:4      | Reached XP level 7. HP: 52/52 MP: 9/15
   802 | D:4      | Killed Menkaure
   802 | D:4      | Reached skill level 7 in Unarmed Combat
   832 | Temple   | Entered the Ecumenical Temple
   888 | Temple   | Became a worshipper of Cheibriados the Contemplative
   906 | Temple   | Lost mutation: Your spells are a little harder to cast, but a little more powerful. [potion of mutation]
   906 | Temple   | Lost mutation: You are clumsy. (Dex -2) [potion of mutation]
   906 | Temple   | Lost mutation: You tend to lose your temper in combat. [potion of mutation]
   906 | Temple   | Lost mutation: You have large cloven feet. [potion of mutation]
   906 | Temple   | Gained mutation: You are somewhat resistant to further mutation. [potion of mutation]
   906 | Temple   | Gained mutation: Your body sometimes deteriorates upon taking damage. [potion of mutation]
   906 | Temple   | Gained mutation: Your muscles are strong. (Str +2) [potion of mutation]
   953 | D:5      | Entered Level 5 of the Dungeon
   990 | D:4      | Reached skill level 2 in Conjurations
   990 | D:4      | Reached skill level 2 in Hexes
   990 | D:4      | Reached skill level 2 in Charms
   990 | D:4      | Reached skill level 2 in Summonings
   990 | D:4      | Reached skill level 2 in Necromancy
   990 | D:4      | Reached skill level 2 in Translocations
   990 | D:4      | Reached skill level 2 in Fire Magic
   990 | D:4      | Reached skill level 2 in Ice Magic
   990 | D:4      | Reached skill level 2 in Air Magic
   990 | D:4      | Reached skill level 2 in Earth Magic
   990 | D:4      | Reached skill level 2 in Poison Magic
  1136 | D:4      | Lost mutation: You are somewhat resistant to further mutation. [potion of mutation]
  1136 | D:4      | Lost mutation: Your body sometimes deteriorates upon taking damage. [potion of mutation]
  1136 | D:4      | Lost mutation: Your muscles are strong. (Str +2) [potion of mutation]
  1136 | D:4      | Gained mutation: Your magical capacity is low. (-10% MP) [potion of mutation]
  1136 | D:4      | Gained mutation: You are dopey. (Int -2) [potion of mutation]
  1136 | D:4      | Gained mutation: You are robust. (+10% HP) [potion of mutation]
  1178 | D:5      | Reached skill level 3 in Invocations
  1182 | D:5      | Reached XP level 8. HP: 38/66 MP: 9/15
  1272 | D:5      | Reached * piety under Cheibriados
  1272 | D:5      | Reached skill level 4 in Fighting
  1272 | D:5      | Reached skill level 3 in Short Blades
  1272 | D:5      | Reached skill level 3 in Long Blades
  1272 | D:5      | Reached skill level 3 in Axes
  1272 | D:5      | Reached skill level 3 in Maces & Flails
  1272 | D:5      | Reached skill level 3 in Polearms
  1272 | D:5      | Reached skill level 3 in Staves
  1272 | D:5      | Reached skill level 3 in Slings
  1272 | D:5      | Reached skill level 3 in Bows
  1272 | D:5      | Reached skill level 3 in Crossbows
  1272 | D:5      | Reached skill level 3 in Throwing
  1272 | D:5      | Reached skill level 3 in Armour
  1272 | D:5      | Reached skill level 3 in Stealth
  1272 | D:5      | Reached skill level 3 in Shields
  1272 | D:5      | Reached skill level 3 in Evocations
  1282 | D:5      | Noticed Eustachio
  1297 | D:5      | Killed Eustachio
  1297 | D:5      | Reached skill level 6 in Spellcasting
  1369 | D:5      | Learned a level 2 spell: Passwall
  1465 | D:5      | Learned a level 1 spell: Sandblast
  1545 | D:5      | Found Bosaodd's General Store.
  1548 | D:5      | Bought a wand of flame (17) for 95 gold pieces
  1608 | D:6      | Noticed Pikel
  1622 | D:6      | Killed Pikel
  1622 | D:6      | Reached skill level 6 in Dodging
  1622 | D:6      | Reached skill level 3 in Conjurations
  1622 | D:6      | Reached skill level 3 in Hexes
  1622 | D:6      | Reached skill level 3 in Charms
  1622 | D:6      | Reached skill level 3 in Summonings
  1622 | D:6      | Reached skill level 3 in Necromancy
  1622 | D:6      | Reached skill level 3 in Translocations
  1622 | D:6      | Reached skill level 5 in Transmutations
  1622 | D:6      | Reached skill level 3 in Fire Magic
  1622 | D:6      | Reached skill level 3 in Ice Magic
  1622 | D:6      | Reached skill level 3 in Air Magic
  1622 | D:6      | Reached skill level 3 in Earth Magic
  1622 | D:6      | Reached skill level 3 in Poison Magic
  1622 | D:6      | Reached skill level 4 in Invocations
  1622 | D:6      | Reached XP level 9. HP: 72/72 MP: 16/16
  1690 | D:7      | Found Filaur's Antique Weapon Emporium.
  1693 | D:7      | Found Ciadghair's Antique Armour Shoppe.
  1733 | D:7      | Reached skill level 4 in Short Blades
  1733 | D:7      | Reached skill level 4 in Long Blades
  1733 | D:7      | Reached skill level 4 in Axes
  1733 | D:7      | Reached skill level 4 in Maces & Flails
  1733 | D:7      | Reached skill level 4 in Polearms
  1733 | D:7      | Reached skill level 4 in Staves
  1733 | D:7      | Reached skill level 4 in Slings
  1733 | D:7      | Reached skill level 4 in Bows
  1733 | D:7      | Reached skill level 4 in Crossbows
  1733 | D:7      | Reached skill level 4 in Throwing
  1733 | D:7      | Reached skill level 4 in Armour
  1733 | D:7      | Reached skill level 4 in Stealth
  1733 | D:7      | Reached skill level 4 in Shields
  1733 | D:7      | Reached skill level 4 in Evocations
  1800 | D:7      | HP: 4/87 [orc warrior/trident (19)]
  1805 | D:7      | Reached skill level 5 in Fighting
  1920 | D:7      | Reached ** piety under Cheibriados
  1991 | D:7      | Found Jihum's Gadget Boutique.
  2031 | D:7      | Found an opulent altar of Gozag.
  2031 | D:7      | Found a bloodstained altar of Trog.
  2031 | D:7      | Found a glowing golden altar of the Shining One.
  2038 | D:7      | Found a radiant altar of Vehumet.
  2043 | D:7      | Found a burning altar of Makhleb.
  2118 | D:8      | Reached skill level 8 in Unarmed Combat
  2206 | D:8      | Found a flagged portal.
  2218 | D:8      | Learned a level 3 spell: Mephitic Cloud
  2224 | D:8      | Learned a level 5 spell: Blade Hands
  2225 | Bailey   | Entered a bailey
  2236 | Bailey   | Reached skill level 5 in Invocations
  2240 | Bailey   | HP: 5/88 [orc/halberd (5)]
  2304 | Bailey   | Reached *** piety under Cheibriados
  2368 | Bailey   | Noticed an orc knight
  2388 | Bailey   | Reached XP level 10. HP: 37/81 MP: 18/18
  2392 | Bailey   | Reached skill level 7 in Spellcasting
  2414 | Bailey   | Noticed an orc knight
  2426 | Bailey   | Noticed an orc knight
  2432 | Bailey   | Killed an orc knight
  2432 | Bailey   | Reached skill level 4 in Conjurations
  2432 | Bailey   | Reached skill level 4 in Hexes
  2432 | Bailey   | Reached skill level 4 in Charms
  2432 | Bailey   | Reached skill level 4 in Summonings
  2432 | Bailey   | Reached skill level 4 in Necromancy
  2432 | Bailey   | Reached skill level 4 in Translocations
  2432 | Bailey   | Reached skill level 4 in Fire Magic
  2432 | Bailey   | Reached skill level 4 in Ice Magic
  2432 | Bailey   | Reached skill level 4 in Air Magic
  2432 | Bailey   | Reached skill level 4 in Earth Magic
  2432 | Bailey   | Reached skill level 4 in Poison Magic
  2434 | Bailey   | Noticed an orc knight
  2456 | Bailey   | Killed an orc knight
  2456 | Bailey   | Reached skill level 5 in Short Blades
  2456 | Bailey   | Reached skill level 5 in Long Blades
  2456 | Bailey   | Reached skill level 5 in Axes
  2456 | Bailey   | Reached skill level 5 in Maces & Flails
  2456 | Bailey   | Reached skill level 5 in Polearms
  2456 | Bailey   | Reached skill level 5 in Staves
  2456 | Bailey   | Reached skill level 5 in Slings
  2456 | Bailey   | Reached skill level 5 in Bows
  2456 | Bailey   | Reached skill level 5 in Crossbows
  2456 | Bailey   | Reached skill level 5 in Throwing
  2456 | Bailey   | Reached skill level 5 in Armour
  2456 | Bailey   | Reached skill level 5 in Stealth
  2456 | Bailey   | Reached skill level 5 in Shields
  2456 | Bailey   | Reached skill level 5 in Evocations
  2465 | Bailey   | Killed an orc knight
  2497 | Bailey   | Killed an orc knight
  2497 | Bailey   | Reached **** piety under Cheibriados
  2497 | Bailey   | Reached skill level 7 in Dodging
  2604 | D:7      | Found Duonufom's Distillery.
  2609 | D:7      | Bought a potion of might for 48 gold pieces
  2609 | D:7      | Bought 2 potions of lignification for 72 gold pieces
  2609 | D:7      | Bought a potion of might for 48 gold pieces
  2609 | D:7      | Bought a potion of lignification for 36 gold pieces
  2633 | D:8      | Got an encrusted leather armour
  2645 | D:8      | Identified the cursed +1 leather armour "Koopeiq" {Regen+ Dex-2 Slay+5} (You found it on level 8 of the Dungeon)
  2693 | D:8      | Found a staircase to the Lair.
  2705 | D:8      | Identified a scroll of acquirement
  2733 | D:9      | Reached skill level 6 in Fighting
  2743 | D:10     | Entered Level 10 of the Dungeon
  2877 | D:9      | Reached skill level 6 in Transmutations
  2877 | D:9      | Reached skill level 6 in Invocations
  2920 | D:8      | Reached ***** piety under Cheibriados
  2993 | D:9      | Found an ornate altar of the Wu Jian Council.
  3102 | D:9      | Reached XP level 11. HP: 90/90 MP: 20/20
  3181 | D:10     | Noticed a two-headed ogre
  3187 | D:10     | Killed a two-headed ogre
  3234 | D:10     | Noticed a two-headed ogre
  3240 | D:10     | Killed a two-headed ogre
  3240 | D:10     | Reached skill level 6 in Short Blades
  3240 | D:10     | Reached skill level 6 in Long Blades
  3240 | D:10     | Reached skill level 6 in Axes
  3240 | D:10     | Reached skill level 6 in Maces & Flails
  3240 | D:10     | Reached skill level 6 in Polearms
  3240 | D:10     | Reached skill level 6 in Staves
  3240 | D:10     | Reached skill level 6 in Slings
  3240 | D:10     | Reached skill level 6 in Bows
  3240 | D:10     | Reached skill level 6 in Crossbows
  3240 | D:10     | Reached skill level 6 in Throwing
  3240 | D:10     | Reached skill level 6 in Armour
  3240 | D:10     | Reached skill level 6 in Stealth
  3240 | D:10     | Reached skill level 6 in Shields
  3240 | D:10     | Reached skill level 9 in Unarmed Combat
  3240 | D:10     | Reached skill level 6 in Evocations
  3260 | D:10     | Reached skill level 5 in Conjurations
  3260 | D:10     | Reached skill level 5 in Hexes
  3260 | D:10     | Reached skill level 5 in Charms
  3260 | D:10     | Reached skill level 5 in Summonings
  3260 | D:10     | Reached skill level 5 in Necromancy
  3260 | D:10     | Reached skill level 5 in Translocations
  3260 | D:10     | Reached skill level 5 in Fire Magic
  3260 | D:10     | Reached skill level 5 in Ice Magic
  3260 | D:10     | Reached skill level 5 in Air Magic
  3260 | D:10     | Reached skill level 5 in Earth Magic
  3260 | D:10     | Reached skill level 5 in Poison Magic
  3330 | D:10     | Noticed a deep elf mage
  3334 | D:10     | Noticed a deep elf mage
  3338 | D:10     | Killed a deep elf mage
  3338 | D:10     | Reached skill level 8 in Spellcasting
  3345 | D:10     | Identified Etha's Volume of Plaster Cramp
  3350 | D:10     | Noticed a deep elf mage
  3352 | D:10     | Noticed a wizard
  3354 | D:10     | Killed a deep elf mage
  3356 | D:10     | Identified Atecvaib's Handbook of Combed Thunderclap
  3363 | D:10     | Identified Ts'ui Pên's Tome of Forking Paths
  3505 | D:11     | Noticed a two-headed ogre
  3513 | D:11     | Killed a two-headed ogre
  3513 | D:11     | Reached skill level 7 in Invocations
  3515 | D:11     | Found a labyrinth entrance.
  3519 | Lab      | Entered a labyrinth
  3727 | Lab      | Noticed a minotaur
  3734 | Lab      | Killed a minotaur
  3734 | Lab      | Reached skill level 7 in Fighting
  3734 | Lab      | Reached skill level 8 in Dodging
  3749 | Lab      | Got a smoking robe
  3819 | D:13     | Noticed a cyclops
  3821 | D:13     | Killed a cyclops
  3830 | D:13     | Killed an unseen horror
  3834 | D:13     | Killed a deep elf mage
  3834 | D:13     | Reached XP level 12. HP: 82/100 MP: 22/22
  3968 | D:11     | Noticed a two-headed ogre
  3974 | D:11     | Killed a two-headed ogre
  3998 | D:11     | Reached skill level 7 in Transmutations
  4079 | D:12     | Reached skill level 7 in Short Blades
  4079 | D:12     | Reached skill level 7 in Long Blades
  4079 | D:12     | Reached skill level 7 in Axes
  4079 | D:12     | Reached skill level 7 in Maces & Flails
  4079 | D:12     | Reached skill level 7 in Polearms
  4079 | D:12     | Reached skill level 7 in Staves
  4079 | D:12     | Reached skill level 7 in Slings
  4079 | D:12     | Reached skill level 7 in Bows
  4079 | D:12     | Reached skill level 7 in Crossbows
  4079 | D:12     | Reached skill level 7 in Throwing
  4079 | D:12     | Reached skill level 7 in Armour
  4079 | D:12     | Reached skill level 7 in Stealth
  4079 | D:12     | Reached skill level 7 in Shields
  4079 | D:12     | Reached skill level 7 in Evocations
  4278 | D:10     | Found Qurr's Book Emporium.
  4303 | D:10     | Bought the Catalogue of Warped Flight for 770 gold pieces
  4303 | D:10     | Bought a book of Spatial Translocations for 650 gold pieces
  4303 | D:10     | Bought a book of Battle for 400 gold pieces
  4307 | D:10     | Learned a level 3 spell: Regeneration
  4315 | D:10     | Learned a level 4 spell: Passage of Golubria
  4355 | D:9      | Learned a level 1 spell: Apportation
  4380 | D:9      | Found a glowing silver altar of Zin.
  4392 | D:9      | Found a staircase to the Orcish Mines.
  4409 | D:9      | Reached ****** piety under Cheibriados
  4422 | Orc:1    | Entered Level 1 of the Orcish Mines
  4438 | Orc:1    | Found a radiant altar of Vehumet.
  4463 | Orc:2    | Entered Level 2 of the Orcish Mines
  4497 | Orc:2    | Noticed a two-headed ogre
  4504 | Orc:2    | Killed a two-headed ogre
  4504 | Orc:2    | Reached skill level 6 in Conjurations
  4504 | Orc:2    | Reached skill level 6 in Hexes
  4504 | Orc:2    | Reached skill level 6 in Charms
  4504 | Orc:2    | Reached skill level 6 in Summonings
  4504 | Orc:2    | Reached skill level 6 in Necromancy
  4504 | Orc:2    | Reached skill level 6 in Translocations
  4504 | Orc:2    | Reached skill level 6 in Fire Magic
  4504 | Orc:2    | Reached skill level 6 in Ice Magic
  4504 | Orc:2    | Reached skill level 6 in Air Magic
  4504 | Orc:2    | Reached skill level 6 in Earth Magic
  4504 | Orc:2    | Reached skill level 6 in Poison Magic
  4572 | Orc:2    | Reached skill level 8 in Invocations
  4657 | Orc:2    | Reached skill level 9 in Spellcasting
  4691 | Orc:2    | Noticed an orc high priest
  4691 | Orc:2    | Found Mosk's Armour Boutique.
  4704 | Orc:2    | Killed an orc high priest
  4726 | Orc:2    | Bought the +2 helmet "Okkaeff" {Slay+3} for 409 gold pieces
  4756 | Orc:2    | Noticed an orc high priest
  4759 | Orc:2    | Noticed a sun demon
  4763 | Orc:2    | Killed an orc high priest
  4763 | Orc:2    | Reached skill level 8 in Fighting
  4763 | Orc:2    | Reached skill level 10 in Unarmed Combat
  4775 | Orc:2    | Found a roughly hewn altar of Beogh.
  4775 | Orc:2    | Noticed an orc warlord
  4789 | Orc:2    | Killed an orc warlord
  4789 | Orc:2    | Reached skill level 9 in Dodging
  4802 | Orc:2    | Noticed an orc high priest
  4837 | Orc:2    | Killed an orc high priest
  4837 | Orc:2    | Reached XP level 13. HP: 52/107 MP: 23/23
  4879 | Orc:2    | Found Xerraus's Gadget Shop.
  4896 | Orc:2    | Bought a wand of acid (4) for 176 gold pieces
  4896 | Orc:2    | Bought a wand of iceblast (12) for 176 gold pieces
  4953 | Orc:2    | Found Zeomano's Jewellery Emporium.
  4962 | Orc:2    | Bought an uncursed ring of poison resistance for 320 gold pieces
  4962 | Orc:2    | Bought an uncursed ring of resist corrosion for 320 gold pieces
  4968 | Orc:2    | Found Timade's Distillery.
  4979 | Orc:2    | Bought a potion of heal wounds for 80 gold pieces
  4979 | Orc:2    | Bought a potion of mutation for 128 gold pieces
  4979 | Orc:2    | Bought a potion of agility for 64 gold pieces
  4979 | Orc:2    | Bought a potion of heal wounds for 80 gold pieces
  4979 | Orc:2    | Bought a potion of resistance for 160 gold pieces
  4979 | Orc:2    | Bought a potion of curing for 48 gold pieces
  4979 | Orc:2    | Bought a potion of heal wounds for 80 gold pieces
  4979 | Orc:2    | Bought a potion of degeneration for 16 gold pieces
  4979 | Orc:2    | Bought 2 potions of brilliance for 128 gold pieces
  4979 | Orc:2    | Bought a potion of curing for 48 gold pieces
  4979 | Orc:2    | Bought a potion of might for 64 gold pieces
  4979 | Orc:2    | Bought a potion of curing for 48 gold pieces
  4979 | Orc:2    | Bought a potion of heal wounds for 80 gold pieces
  4979 | Orc:2    | Bought a potion of heal wounds for 80 gold pieces
  4993 | Orc:2    | Found a roughly hewn altar of Beogh.
  5149 | Lair:1   | Entered Level 1 of the Lair of Beasts
  5184 | Lair:1   | Reached skill level 8 in Short Blades
  5184 | Lair:1   | Reached skill level 8 in Long Blades
  5184 | Lair:1   | Reached skill level 8 in Axes
  5184 | Lair:1   | Reached skill level 8 in Maces & Flails
  5184 | Lair:1   | Reached skill level 8 in Polearms
  5184 | Lair:1   | Reached skill level 8 in Staves
  5184 | Lair:1   | Reached skill level 8 in Slings
  5184 | Lair:1   | Reached skill level 8 in Bows
  5184 | Lair:1   | Reached skill level 8 in Crossbows
  5184 | Lair:1   | Reached skill level 8 in Throwing
  5184 | Lair:1   | Reached skill level 8 in Armour
  5184 | Lair:1   | Reached skill level 8 in Stealth
  5184 | Lair:1   | Reached skill level 8 in Shields
  5184 | Lair:1   | Reached skill level 8 in Evocations
  5359 | Lair:2   | Reached skill level 9 in Invocations
  5412 | Lair:2   | Found a staircase to the Swamp.
  5431 | Swamp:1  | Entered Level 1 of the Swamp
  5440 | Swamp:1  | Reached skill level 8 in Transmutations
  5520 | Swamp:1  | Learned a level 4 spell: Summon Lightning Spire
  5558 | Swamp:1  | Reached skill level 7 in Conjurations
  5558 | Swamp:1  | Reached skill level 7 in Hexes
  5558 | Swamp:1  | Reached skill level 7 in Charms
  5558 | Swamp:1  | Reached skill level 7 in Summonings
  5558 | Swamp:1  | Reached skill level 7 in Necromancy
  5558 | Swamp:1  | Reached skill level 7 in Translocations
  5558 | Swamp:1  | Reached skill level 7 in Fire Magic
  5558 | Swamp:1  | Reached skill level 7 in Ice Magic
  5558 | Swamp:1  | Reached skill level 7 in Air Magic
  5558 | Swamp:1  | Reached skill level 7 in Earth Magic
  5558 | Swamp:1  | Reached skill level 7 in Poison Magic
  5574 | Swamp:1  | You fall through a shaft!
  5577 | Swamp:2  | Noticed Kirke
  5593 | Swamp:2  | Killed Kirke
  5593 | Swamp:2  | Reached skill level 9 in Fighting
  5638 | Swamp:2  | Reached skill level 10 in Spellcasting
  5670 | Swamp:1  | Reached XP level 14. HP: 110/118 MP: 25/25
  5687 | Swamp:4  | Entered Level 4 of the Swamp
  5749 | Swamp:4  | Reached skill level 10 in Dodging
  5780 | Swamp:4  | Reached skill level 9 in Short Blades
  5780 | Swamp:4  | Reached skill level 9 in Long Blades
  5780 | Swamp:4  | Reached skill level 9 in Axes
  5780 | Swamp:4  | Reached skill level 9 in Maces & Flails
  5780 | Swamp:4  | Reached skill level 9 in Polearms
  5780 | Swamp:4  | Reached skill level 9 in Staves
  5780 | Swamp:4  | Reached skill level 9 in Slings
  5780 | Swamp:4  | Reached skill level 9 in Bows
  5780 | Swamp:4  | Reached skill level 9 in Crossbows
  5780 | Swamp:4  | Reached skill level 9 in Throwing
  5780 | Swamp:4  | Reached skill level 9 in Armour
  5780 | Swamp:4  | Reached skill level 9 in Stealth
  5780 | Swamp:4  | Reached skill level 9 in Shields
  5780 | Swamp:4  | Reached skill level 11 in Unarmed Combat
  5780 | Swamp:4  | Reached skill level 9 in Evocations
  5901 | Swamp:3  | HP: 5/118 [bog body/bolt of cold (22)]
  5967 | Swamp:4  | Reached skill level 10 in Invocations
  6085 | Swamp:4  | Got a decaying rune of Zot
  6153 | Swamp:4  | Noticed a thorn hunter
  6181 | Swamp:2  | Reached skill level 8 in Conjurations
  6181 | Swamp:2  | Reached skill level 8 in Hexes
  6181 | Swamp:2  | Reached skill level 8 in Charms
  6181 | Swamp:2  | Reached skill level 8 in Summonings
  6181 | Swamp:2  | Reached skill level 8 in Necromancy
  6181 | Swamp:2  | Reached skill level 8 in Translocations
  6181 | Swamp:2  | Reached skill level 8 in Fire Magic
  6181 | Swamp:2  | Reached skill level 8 in Ice Magic
  6181 | Swamp:2  | Reached skill level 8 in Air Magic
  6181 | Swamp:2  | Reached skill level 8 in Earth Magic
  6181 | Swamp:2  | Reached skill level 8 in Poison Magic
  6184 | Swamp:2  | Reached XP level 15. HP: 87/126 MP: 22/26
  6218 | Swamp:1  | Reached skill level 9 in Transmutations
  6231 | Swamp:1  | Reached skill level 10 in Fighting
  6396 | Lair:3   | Learned a level 2 spell: Blink
  6892 | Lair:3   | Found a staircase to the Snake Pit.
  6928 | Snake:1  | Entered Level 1 of the Snake Pit
  6984 | Snake:2  | Reached skill level 11 in Spellcasting
  7008 | Snake:3  | Noticed Jorgrun
  7012 | Snake:3  | Killed Jorgrun
  7048 | Snake:3  | Reached skill level 10 in Short Blades
  7048 | Snake:3  | Reached skill level 10 in Long Blades
  7048 | Snake:3  | Reached skill level 10 in Axes
  7048 | Snake:3  | Reached skill level 10 in Maces & Flails
  7048 | Snake:3  | Reached skill level 10 in Polearms
  7048 | Snake:3  | Reached skill level 10 in Staves
  7048 | Snake:3  | Reached skill level 10 in Slings
  7048 | Snake:3  | Reached skill level 10 in Bows
  7048 | Snake:3  | Reached skill level 10 in Crossbows
  7048 | Snake:3  | Reached skill level 10 in Throwing
  7048 | Snake:3  | Reached skill level 10 in Armour
  7048 | Snake:3  | Reached skill level 10 in Stealth
  7048 | Snake:3  | Reached skill level 10 in Shields
  7048 | Snake:3  | Reached skill level 10 in Evocations
  7071 | Snake:3  | Reached skill level 11 in Dodging
  7141 | Snake:3  | Learned a level 5 spell: Borgnjor's Vile Clutch
  7167 | Snake:4  | Entered Level 4 of the Snake Pit
  7191 | Snake:4  | Reached skill level 11 in Invocations
  7261 | Snake:4  | Noticed a nagaraja
  7269 | Snake:4  | Killed a nagaraja
  7324 | Snake:4  | Reached skill level 12 in Unarmed Combat
  7339 | Snake:4  | Reached XP level 16. HP: 121/136 MP: 19/28
  7345 | Snake:4  | Noticed a nagaraja
  7356 | Snake:4  | Killed a nagaraja
  7369 | Snake:4  | Noticed a nagaraja
  7378 | Snake:4  | Killed a nagaraja
  7480 | Snake:4  | Noticed a nagaraja
  7484 | Snake:4  | Noticed a nagaraja
  7496 | Snake:4  | Killed a nagaraja
  7502 | Snake:4  | Killed a nagaraja
  7523 | Snake:4  | Reached skill level 9 in Conjurations
  7523 | Snake:4  | Reached skill level 9 in Hexes
  7523 | Snake:4  | Reached skill level 9 in Charms
  7523 | Snake:4  | Reached skill level 9 in Summonings
  7523 | Snake:4  | Reached skill level 9 in Necromancy
  7523 | Snake:4  | Reached skill level 9 in Translocations
  7523 | Snake:4  | Reached skill level 9 in Fire Magic
  7523 | Snake:4  | Reached skill level 9 in Ice Magic
  7523 | Snake:4  | Reached skill level 9 in Air Magic
  7523 | Snake:4  | Reached skill level 9 in Earth Magic
  7523 | Snake:4  | Reached skill level 9 in Poison Magic
  7531 | Snake:4  | Noticed a nagaraja
  7541 | Snake:4  | Killed a nagaraja
  7549 | Snake:4  | Got a serpentine rune of Zot
  7679 | Snake:2  | Reached skill level 11 in Fighting
  7770 | Snake:2  | You fall through a shaft!
  7853 | Snake:1  | Found Toawav's Weapon Shoppe.
  7853 | Snake:1  | Found Xiabemed's Jewellery Emporium.
  7853 | Snake:1  | Found Amin's Assorted Antiques.
  7854 | Snake:1  | Found Diakir's Antique Weapon Shoppe.
  7873 | Snake:1  | Bought the ring of Buxita {rF+ Str+7 Int+5 Dex+3} for 762 gold pieces
  7970 | Lair:6   | Entered Level 6 of the Lair of Beasts
  8075 | Lair:6   | Found a viscous altar of Jiyva.
  8075 | Lair:6   | Found a staircase to the Slime Pits.
  8087 | Lair:6   | Learned a level 3 spell: Lesser Beckoning
  8088 | Slime:1  | Entered Level 1 of the Pits of Slime
  8104 | Slime:1  | Gained mutation: Your magical capacity is very low. (-20% MP) [a shining eye]
  8114 | Slime:1  | Lost mutation: You are robust. (+10% HP) [a shining eye]
  8118 | Slime:1  | Reached skill level 10 in Transmutations
  8146 | Slime:1  | Lost mutation: Your magical capacity is very low. (-20% MP) [potion of mutation]
  8146 | Slime:1  | Lost mutation: You are dopey. (Int -2) [potion of mutation]
  8146 | Slime:1  | Lost mutation: Your magical capacity is low. (-10% MP) [potion of mutation]
  8146 | Slime:1  | Gained mutation: You passively map a small area around you. [potion of mutation]
  8146 | Slime:1  | Gained mutation: You are robust. (+10% HP) [potion of mutation]
  8163 | Slime:2  | Noticed an acid blob
  8173 | Slime:2  | Noticed an azure jelly
  8175 | Slime:2  | Killed an acid blob
  8180 | Slime:2  | Killed an azure jelly
  8183 | Slime:2  | Noticed an azure jelly
  8197 | Slime:2  | Killed an azure jelly
  8268 | Slime:3  | Reached skill level 11 in Short Blades
  8268 | Slime:3  | Reached skill level 11 in Long Blades
  8268 | Slime:3  | Reached skill level 11 in Axes
  8268 | Slime:3  | Reached skill level 11 in Maces & Flails
  8268 | Slime:3  | Reached skill level 11 in Polearms
  8268 | Slime:3  | Reached skill level 11 in Staves
  8268 | Slime:3  | Reached skill level 11 in Slings
  8268 | Slime:3  | Reached skill level 11 in Bows
  8268 | Slime:3  | Reached skill level 11 in Crossbows
  8268 | Slime:3  | Reached skill level 11 in Throwing
  8268 | Slime:3  | Reached skill level 11 in Armour
  8268 | Slime:3  | Reached skill level 11 in Stealth
  8268 | Slime:3  | Reached skill level 11 in Shields
  8268 | Slime:3  | Reached skill level 11 in Evocations
  8283 | Slime:4  | Noticed an acid blob
  8308 | Slime:4  | Killed an acid blob
  8308 | Slime:4  | Reached skill level 12 in Spellcasting
  8311 | Slime:4  | Paralysed by a great orb of eyes for 5 turns
  8320 | Slime:4  | Reached XP level 17. HP: 143/144 MP: 29/33
  8331 | Slime:4  | Learned a level 3 spell: Spectral Weapon
  8336 | Slime:5  | Entered Level 5 of the Pits of Slime
  8356 | Slime:5  | Noticed tidbits's ghost (adept GnTm)
  8367 | Slime:5  | Killed tidbits's ghost
  8367 | Slime:5  | Reached skill level 12 in Invocations
  8379 | Slime:5  | Noticed an acid blob
  8386 | Slime:5  | Killed an acid blob
  8400 | Slime:5  | Found a viscous altar of Jiyva.
  8402 | Slime:5  | Noticed the Royal Jelly
  8404 | Slime:5  | Gained mutation: You do not regenerate when monsters are visible. [a shining eye]
  8406 | Slime:5  | Lost mutation: You do not regenerate when monsters are visible. [potion of mutation]
  8406 | Slime:5  | Lost mutation: You are robust. (+10% HP) [potion of mutation]
  8406 | Slime:5  | Lost mutation: You passively map a small area around you. [potion of mutation]
  8406 | Slime:5  | Gained mutation: You have a pair of small horns on your head. [potion of mutation]
  8406 | Slime:5  | Gained mutation: Your mind is acute. (Int +2) [potion of mutation]
  8424 | Slime:5  | Noticed an acid blob
  8431 | Slime:5  | Noticed an acid blob
  8434 | Slime:5  | Noticed an acid blob
  8436 | Slime:5  | Noticed an acid blob
  8439 | Slime:5  | Killed an acid blob
  8443 | Slime:5  | Killed an acid blob
  8445 | Slime:5  | Noticed an acid blob
  8455 | Slime:5  | Killed an acid blob
  8455 | Slime:5  | Reached skill level 12 in Dodging
  8460 | Slime:5  | Killed an acid blob
  8465 | Slime:5  | Noticed an acid blob
  8468 | Slime:5  | Killed an acid blob
  8469 | Slime:5  | Killed the Royal Jelly
  8469 | Slime:5  | Noticed an acid blob
  8473 | Slime:5  | Killed an acid blob
  8475 | Slime:5  | Killed an acid blob
  8484 | Slime:5  | Identified Sif Muna's Tome of the New World
  8514 | Slime:5  | Learned a level 5 spell: Lee's Rapid Deconstruction
  8515 | Slime:5  | Got a slimy rune of Zot
  8518 | Slime:5  | Found the +9 sword of Zonguldrok {reap}
  8518 | Slime:5  | Found the +3 robe of Clouds {+Fly rElec}
  8537 | Slime:5  | Identified the +9 morningstar of Wisdom {flame, rElec Dex+4} (You found it on level 5 of the Pits of Slime)
  8565 | Slime:5  | Lost mutation: You have a pair of small horns on your head. [potion of mutation]
  8565 | Slime:5  | Lost mutation: Your mind is acute. (Int +2) [potion of mutation]
  8565 | Slime:5  | Gained mutation: You are partially covered in rugged brown scales. (AC +1, +3% HP) [potion of mutation]
  8565 | Slime:5  | Gained mutation: Your muscles are strong. (Str +2) [potion of mutation]
  8565 | Slime:5  | Gained mutation: You are partially covered in thin metallic scales. (AC +2) [potion of mutation]
  8565 | Slime:5  | Gained mutation: You have large cloven feet. [potion of mutation]
  8613 | Slime:1  | Noticed an acid blob
  8790 | Lair:6   | Found a large runed door.
  8790 | Lair:6   | Found a large runed door.
  8968 | D:11     | Found a stormy altar of Qazlal.
  9111 | D:14     | Found Laqouxokh's Jewellery Emporium.
  9124 | D:15     | Entered Level 15 of the Dungeon
  9142 | D:15     | Identified the +1 scale mail "Uzefus" {rC+ MP+9 Int+3 Stlth+} (You found it on level 15 of the Dungeon)
  9178 | D:13     | Reached skill level 13 in Unarmed Combat
  9230 | D:13     | Found a gate to the Vaults.
  9245 | Vaults:1 | Entered Level 1 of the Vaults
  9303 | Vaults:2 | Noticed Bai Suzhen
  9311 | Vaults:2 | Killed Bai Suzhen
  9330 | Vaults:2 | Reached skill level 10 in Conjurations
  9330 | Vaults:2 | Reached skill level 10 in Hexes
  9330 | Vaults:2 | Reached skill level 10 in Charms
  9330 | Vaults:2 | Reached skill level 10 in Summonings
  9330 | Vaults:2 | Reached skill level 10 in Necromancy
  9330 | Vaults:2 | Reached skill level 10 in Translocations
  9330 | Vaults:2 | Reached skill level 10 in Fire Magic
  9330 | Vaults:2 | Reached skill level 10 in Ice Magic
  9330 | Vaults:2 | Reached skill level 10 in Air Magic
  9330 | Vaults:2 | Reached skill level 10 in Earth Magic
  9330 | Vaults:2 | Reached skill level 10 in Poison Magic
  9386 | Vaults:2 | Reached XP level 18. HP: 143/143 MP: 34/34
  9397 | Vaults:2 | Reached skill level 12 in Fighting
  9475 | Vaults:3 | Reached skill level 13 in Dodging
  9837 | Vaults:3 | Reached skill level 12 in Short Blades
  9837 | Vaults:3 | Reached skill level 12 in Long Blades
  9837 | Vaults:3 | Reached skill level 12 in Axes
  9837 | Vaults:3 | Reached skill level 12 in Maces & Flails
  9837 | Vaults:3 | Reached skill level 12 in Polearms
  9837 | Vaults:3 | Reached skill level 12 in Staves
  9837 | Vaults:3 | Reached skill level 12 in Slings
  9837 | Vaults:3 | Reached skill level 12 in Bows
  9837 | Vaults:3 | Reached skill level 12 in Crossbows
  9837 | Vaults:3 | Reached skill level 12 in Throwing
  9837 | Vaults:3 | Reached skill level 12 in Armour
  9837 | Vaults:3 | Reached skill level 12 in Stealth
  9837 | Vaults:3 | Reached skill level 12 in Shields
  9837 | Vaults:3 | Reached skill level 12 in Evocations
  9893 | Vaults:3 | Reached skill level 13 in Invocations
  9907 | Vaults:3 | Reached skill level 11 in Transmutations
  9930 | Vaults:3 | Reached skill level 13 in Spellcasting
 10090 | Vaults:4 | Learned a level 4 spell: Animate Dead
 10094 | Vaults:5 | Entered Level 5 of the Vaults
 10096 | Vaults:5 | Noticed a golden dragon
 10106 | Vaults:5 | Killed a golden dragon
 10173 | Vaults:5 | Reached XP level 19. HP: 130/150 MP: 23/36
 10217 | Vaults:5 | Reached skill level 14 in Dodging
 10245 | Vaults:5 | Got a coiled jade ring
 10266 | Vaults:5 | Identified the ring "Jamahang" {Ice MR++ Str+3} (You took it off an ironbrand convoker on level 5 of the Vaults)
 10379 | Vaults:5 | Noticed a tentacled monstrosity
 10385 | Vaults:5 | Killed a tentacled monstrosity
 10403 | Vaults:5 | Reached skill level 14 in Unarmed Combat
 10418 | Vaults:5 | Got a pair of smoking boots
 10430 | Vaults:5 | Noticed a tentacled monstrosity
 10433 | Vaults:5 | Reached skill level 13 in Fighting
 10438 | Vaults:5 | Killed a tentacled monstrosity
 10442 | Vaults:5 | Reached skill level 11 in Conjurations
 10442 | Vaults:5 | Reached skill level 11 in Hexes
 10442 | Vaults:5 | Reached skill level 11 in Charms
 10442 | Vaults:5 | Reached skill level 11 in Summonings
 10442 | Vaults:5 | Reached skill level 11 in Necromancy
 10442 | Vaults:5 | Reached skill level 11 in Translocations
 10442 | Vaults:5 | Reached skill level 11 in Fire Magic
 10442 | Vaults:5 | Reached skill level 11 in Ice Magic
 10442 | Vaults:5 | Reached skill level 11 in Air Magic
 10442 | Vaults:5 | Reached skill level 11 in Earth Magic
 10442 | Vaults:5 | Reached skill level 11 in Poison Magic
 10482 | Vaults:5 | Identified the +2 pair of boots "Henomen" {+Fly} (You found it on level 5 of the Vaults)
 10605 | Vaults:5 | Reached XP level 20. HP: 141/159 MP: 11/37
 10612 | Vaults:5 | Reached skill level 13 in Short Blades
 10612 | Vaults:5 | Reached skill level 13 in Long Blades
 10612 | Vaults:5 | Reached skill level 13 in Axes
 10612 | Vaults:5 | Reached skill level 13 in Maces & Flails
 10612 | Vaults:5 | Reached skill level 13 in Polearms
 10612 | Vaults:5 | Reached skill level 13 in Staves
 10612 | Vaults:5 | Reached skill level 13 in Slings
 10612 | Vaults:5 | Reached skill level 13 in Bows
 10612 | Vaults:5 | Reached skill level 13 in Crossbows
 10612 | Vaults:5 | Reached skill level 13 in Throwing
 10612 | Vaults:5 | Reached skill level 13 in Armour
 10612 | Vaults:5 | Reached skill level 13 in Stealth
 10612 | Vaults:5 | Reached skill level 13 in Shields
 10612 | Vaults:5 | Reached skill level 14 in Invocations
 10612 | Vaults:5 | Reached skill level 13 in Evocations
 10616 | Vaults:5 | Identified the Compendium of Flight
 10663 | Vaults:5 | Reached skill level 15 in Dodging
 10829 | Vaults:5 | Noticed an ancient lich
 10836 | Vaults:5 | Killed an ancient lich
 10874 | Vaults:5 | Got a silver rune of Zot
 10897 | Vaults:5 | Reached skill level 14 in Spellcasting
 10980 | Vaults:4 | Found Amadiokk's General Store.
 11006 | Vaults:5 | Reached skill level 12 in Transmutations
 11127 | Vaults:2 | Noticed Mara
 11136 | Vaults:2 | Killed Mara
 11166 | D:13     | You fall through a shaft for 2 floors!
 11262 | D:15     | Found a staircase to the Depths.
 11289 | Depths:1 | Entered Level 1 of the Depths
 11386 | Depths:1 | Learned a level 2 spell: Song of Slaying
 11399 | Depths:2 | Noticed Saint Roka
 11400 | Depths:2 | Reached XP level 21. HP: 124/167 MP: 23/39
 11416 | Depths:2 | Killed Saint Roka
 11416 | Depths:2 | Reached skill level 16 in Dodging
 11508 | Depths:2 | Reached skill level 14 in Fighting
 11562 | Depths:2 | Reached skill level 15 in Unarmed Combat
 11578 | Depths:3 | Found a gateway to Hell.
 11651 | Depths:3 | Reached skill level 15 in Invocations
 11656 | Depths:3 | Reached skill level 12 in Conjurations
 11656 | Depths:3 | Reached skill level 12 in Hexes
 11656 | Depths:3 | Reached skill level 12 in Charms
 11656 | Depths:3 | Reached skill level 12 in Summonings
 11656 | Depths:3 | Reached skill level 12 in Necromancy
 11656 | Depths:3 | Reached skill level 12 in Translocations
 11656 | Depths:3 | Reached skill level 12 in Fire Magic
 11656 | Depths:3 | Reached skill level 12 in Ice Magic
 11656 | Depths:3 | Reached skill level 12 in Air Magic
 11656 | Depths:3 | Reached skill level 12 in Earth Magic
 11656 | Depths:3 | Reached skill level 12 in Poison Magic
 11721 | Depths:3 | tidbits: Statue Form :')
 11726 | Depths:3 | Found a snail-covered altar of Cheibriados.
 11735 | Depths:3 | Reached skill level 14 in Short Blades
 11735 | Depths:3 | Reached skill level 14 in Long Blades
 11735 | Depths:3 | Reached skill level 14 in Axes
 11735 | Depths:3 | Reached skill level 14 in Maces & Flails
 11735 | Depths:3 | Reached skill level 14 in Polearms
 11735 | Depths:3 | Reached skill level 14 in Staves
 11735 | Depths:3 | Reached skill level 14 in Slings
 11735 | Depths:3 | Reached skill level 14 in Bows
 11735 | Depths:3 | Reached skill level 14 in Crossbows
 11735 | Depths:3 | Reached skill level 14 in Throwing
 11735 | Depths:3 | Reached skill level 14 in Armour
 11735 | Depths:3 | Reached skill level 14 in Stealth
 11735 | Depths:3 | Reached skill level 14 in Shields
 11735 | Depths:3 | Reached skill level 14 in Evocations
 11738 | Depths:3 | Got a transparent copper amulet
 11882 | Depths:4 | Identified the amulet "Mutesorgh" {Reflect +Inv rElec Int-2 Dex+6 SH+2} (You took it off a necromancer on level 3 of the Depths)
 11907 | Depths:5 | Entered Level 5 of the Depths
 11928 | Depths:5 | Found Xikk's Antique Armour Shoppe.
 12025 | Depths:4 | Noticed a golden dragon
 12045 | Depths:4 | Killed a golden dragon
 12045 | Depths:4 | Reached XP level 22. HP: 140/177 MP: 20/40
 12082 | Depths:4 | Noticed a golden dragon
 12092 | Depths:4 | Killed a golden dragon
 12155 | Depths:4 | Found a one-way gate to the infinite horrors of the Abyss.
 12155 | Depths:4 | Paralysed by a floating eye for 2 turns
 12184 | Depths:4 | Noticed a golden dragon
 12185 | Depths:4 | Found a gateway to a ziggurat.
 12199 | Depths:4 | Killed a golden dragon
 12199 | Depths:4 | Reached skill level 17 in Dodging
 12222 | Zig:1    | Entered Level 1 of a ziggurat
 12234 | Zig:2    | Entered Level 2 of a ziggurat
 12248 | Zig:2    | Identified the Almanac of Conjuration and the Frostbite
 12252 | Zig:3    | Entered Level 3 of a ziggurat
 12255 | Zig:3    | Reached skill level 15 in Spellcasting
 12271 | Zig:3    | Learned a level 6 spell: Statue Form
 12272 | Zig:4    | Entered Level 4 of a ziggurat
 12273 | Zig:4    | Noticed a greater mummy
 12282 | Zig:4    | Killed a greater mummy
 12292 | Zig:4    | Learned a level 5 spell: Irradiate
 12296 | Zig:4    | Reached XP level 23. HP: 184/184 MP: 39/42
 12298 | Zig:4    | Identified the ring of Bihonodi {rElec rC+ Str+3} (You found it on level 4 of a ziggurat)
 12305 | Zig:5    | Entered Level 5 of a ziggurat
 12308 | Zig:5    | Noticed a juggernaut
 12326 | Zig:5    | Killed a juggernaut
 12334 | Zig:6    | Entered Level 6 of a ziggurat
 12342 | Zig:6    | Noticed a greater mummy
 12347 | Zig:6    | Reached skill level 13 in Transmutations
 12348 | Zig:6    | Killed a greater mummy
 12364 | Zig:7    | Entered Level 7 of a ziggurat
 12384 | Zig:7    | Identified the ring of the Thirteen Deaths {EV+2 SInv} (You found it on level 7 of a ziggurat)
 12387 | Zig:7    | Identified the Volume of Displaced Clay
 12397 | Zig:8    | Entered Level 8 of a ziggurat
 12402 | Zig:8    | Noticed a greater mummy
 12416 | Zig:8    | Killed a greater mummy
 12429 | Zig:8    | Identified the Handbook of Protection and Malediction
 12444 | Zig:9    | Entered Level 9 of a ziggurat
 12470 | Zig:9    | Identified the Incunabulum of Dusty Venom
 12472 | Zig:9    | Identified Coxzaow's Reference Book on the Dislocated Frostbite
 12480 | Zig:9    | Got an encrusted helmet
 12480 | Zig:9    | Got a wavering golden ring
 12491 | Zig:9    | Identified the +2 helmet of Feasting {Str+3} (You acquired it on level 9 of a ziggurat)
 12503 | Zig:9    | Identified the ring of Tidwuf {Wiz rElec Int+2} (You found it on level 9 of a ziggurat)
 12509 | Zig:10   | Entered Level 10 of a ziggurat
 12530 | Zig:10   | Reached skill level 15 in Fighting
 12530 | Zig:10   | Reached XP level 24. HP: 193/193 MP: 31/42
 12535 | Zig:10   | Got a faintly glowing helmet
 12546 | Zig:10   | Identified the +2 helmet of the Quahog {rN+ Int+2 Slay+3} (You found it on level 10 of a ziggurat)
 12549 | Zig:11   | Entered Level 11 of a ziggurat
 12554 | Zig:11   | Reached skill level 16 in Invocations
 12557 | Zig:11   | Reached XP level 25. HP: 199/199 MP: 29/42
 12568 | Zig:11   | Reached skill level 18 in Dodging
 12572 | Zig:11   | Found the +3 sling "Punk" {acid, rCorr}
 12583 | Zig:11   | Reached skill level 15 in Short Blades
 12583 | Zig:11   | Reached skill level 15 in Long Blades
 12583 | Zig:11   | Reached skill level 15 in Axes
 12583 | Zig:11   | Reached skill level 15 in Maces & Flails
 12583 | Zig:11   | Reached skill level 15 in Polearms
 12583 | Zig:11   | Reached skill level 15 in Staves
 12583 | Zig:11   | Reached skill level 15 in Slings
 12583 | Zig:11   | Reached skill level 15 in Bows
 12583 | Zig:11   | Reached skill level 15 in Crossbows
 12583 | Zig:11   | Reached skill level 15 in Throwing
 12583 | Zig:11   | Reached skill level 15 in Armour
 12583 | Zig:11   | Reached skill level 15 in Stealth
 12583 | Zig:11   | Reached skill level 15 in Shields
 12583 | Zig:11   | Reached skill level 16 in Unarmed Combat
 12583 | Zig:11   | Reached skill level 15 in Evocations
 12583 | Zig:11   | Reached XP level 26. HP: 207/207 MP: 31/42
 12589 | Zig:11   | Got a translucent granite ring
 12591 | Zig:11   | Identified the ring "Neck" {Fire Str+4} (You found it on level 11 of a ziggurat)
 12613 | Depths:5 | Found a gate to the Realm of Zot.
 12654 | Depths:3 | Found a snail-covered altar of Cheibriados.
 12666 | Hell     | Entered the Vestibule of Hell
 12666 | Hell     | Noticed Geryon
 12672 | Hell     | Noticed Murray
 12681 | Hell     | Killed Murray
 12684 | Hell     | Killed Geryon
 12684 | Hell     | Reached skill level 13 in Conjurations
 12684 | Hell     | Reached skill level 13 in Hexes
 12684 | Hell     | Reached skill level 13 in Charms
 12684 | Hell     | Reached skill level 13 in Summonings
 12684 | Hell     | Reached skill level 13 in Necromancy
 12684 | Hell     | Reached skill level 13 in Translocations
 12684 | Hell     | Reached skill level 13 in Fire Magic
 12684 | Hell     | Reached skill level 13 in Ice Magic
 12684 | Hell     | Reached skill level 13 in Air Magic
 12684 | Hell     | Reached skill level 13 in Earth Magic
 12684 | Hell     | Reached skill level 13 in Poison Magic
 12715 | Hell     | Found a gateway to the Iron City of Dis.
 12724 | Dis:1    | Entered Level 1 of the Iron City of Dis
 12724 | Dis:1    | Found a gateway to Hell.
 12761 | Dis:1    | You fall through a shaft!
 12815 | Dis:3    | Found a gateway to Hell.
 12815 | Dis:3    | Found a gateway to Hell.
 12822 | Dis:4    | Found a gateway to Hell.
 12830 | Dis:5    | Found a gateway to Hell.
 12922 | Dis:6    | Found a gateway to Hell.
 12969 | Dis:7    | Entered Level 7 of the Iron City of Dis
 12969 | Dis:7    | Found a gateway to Hell.
 12969 | Dis:7    | Found a gateway to Hell.
 13071 | Dis:7    | Reached skill level 16 in Spellcasting
 13117 | Dis:7    | Identified the Guide on Attacks
 13234 | Dis:7    | Reached skill level 19 in Dodging
 13286 | Dis:7    | Reached XP level 27. HP: 198/216 MP: 35/43
 13298 | Dis:7    | Noticed Dispater
 13391 | Dis:7    | Killed Dispater
 13391 | Dis:7    | Reached skill level 14 in Transmutations
 13403 | Dis:7    | Got a clouded tin ring
 13405 | Dis:7    | Got an iron rune of Zot
 13407 | Dis:7    | Identified the ring of Siulinic {-Tele rN+ AC+5 Str+3} (You found it on level 7 of the Iron City of Dis)
 13462 | Dis:7    | Reached skill level 17 in Invocations
 13479 | Dis:7    | Reached skill level 16 in Fighting
 13528 | Dis:7    | Found a gateway to Hell.
 13528 | Dis:7    | Found a gateway to Hell.
 13565 | Hell     | Found a gateway to the decaying netherworld of Tartarus.
 13589 | Tar:1    | Entered Level 1 of Tartarus
 13589 | Tar:1    | Found a gateway to Hell.
 13597 | Tar:2    | Found a gateway to Hell.
 13622 | Tar:2    | Found a gateway to Hell.
 13637 | Tar:2    | Found a gateway to Hell.
 13839 | Tar:3    | Found a gateway to Hell.
 13842 | Tar:3    | Found a gateway to Hell.
 13861 | Tar:3    | Reached skill level 16 in Short Blades
 13861 | Tar:3    | Reached skill level 16 in Long Blades
 13861 | Tar:3    | Reached skill level 16 in Axes
 13861 | Tar:3    | Reached skill level 16 in Maces & Flails
 13861 | Tar:3    | Reached skill level 16 in Polearms
 13861 | Tar:3    | Reached skill level 16 in Staves
 13861 | Tar:3    | Reached skill level 16 in Slings
 13861 | Tar:3    | Reached skill level 16 in Bows
 13861 | Tar:3    | Reached skill level 16 in Crossbows
 13861 | Tar:3    | Reached skill level 16 in Throwing
 13861 | Tar:3    | Reached skill level 16 in Armour
 13861 | Tar:3    | Reached skill level 16 in Stealth
 13861 | Tar:3    | Reached skill level 16 in Shields
 13861 | Tar:3    | Reached skill level 16 in Evocations
 13872 | Tar:4    | Found a gateway to Hell.
 13879 | Tar:4    | Reached skill level 17 in Unarmed Combat
 13892 | Tar:4    | Found a gateway to Hell.
 13898 | Tar:5    | Found a gateway to Hell.
 13978 | Tar:5    | Found a gateway to Hell.
 14071 | Tar:5    | Reached skill level 14 in Conjurations
 14071 | Tar:5    | Reached skill level 14 in Hexes
 14071 | Tar:5    | Reached skill level 14 in Charms
 14071 | Tar:5    | Reached skill level 14 in Summonings
 14071 | Tar:5    | Reached skill level 14 in Necromancy
 14071 | Tar:5    | Reached skill level 14 in Translocations
 14071 | Tar:5    | Reached skill level 14 in Fire Magic
 14071 | Tar:5    | Reached skill level 14 in Ice Magic
 14071 | Tar:5    | Reached skill level 14 in Air Magic
 14071 | Tar:5    | Reached skill level 14 in Earth Magic
 14071 | Tar:5    | Reached skill level 14 in Poison Magic
 14114 | Tar:5    | Reached skill level 20 in Dodging
 14127 | Tar:5    | Found a gateway to Hell.
 14130 | Tar:5    | Found a gateway to Hell.
 14134 | Tar:6    | Found a gateway to Hell.
 14140 | Tar:7    | Entered Level 7 of Tartarus
 14140 | Tar:7    | Found a gateway to Hell.
 14166 | Tar:7    | Noticed an ancient lich
 14173 | Tar:7    | Killed an ancient lich
 14202 | Tar:7    | Reached skill level 17 in Spellcasting
 14336 | Tar:7    | Identified the Volume of Fire and Enchantment
 14344 | Tar:7    | Got a slimy cloak
 14350 | Tar:7    | Identified the cursed +0 cloak of Valour {Regen+ MP+9} (You found it on level 7 of Tartarus)
 14396 | Tar:7    | Noticed Ereshkigal
 14402 | Tar:7    | Reached skill level 18 in Invocations
 14405 | Tar:7    | HP: 28/284 [reaper/scythe of slicing (5)]
 14409 | Tar:7    | Paralysed by Ereshkigal for 2 turns
 14416 | Tar:7    | HP: 27/284 [??? (5)]
 14422 | Tar:7    | Killed Ereshkigal
 14436 | Tar:7    | Got a bone rune of Zot
 14441 | Tar:7    | Noticed the Serpent of Hell
 14455 | Tar:7    | Killed the Serpent of Hell
 14490 | Tar:7    | Noticed an ancient lich
 14496 | Tar:7    | Killed an ancient lich
 14496 | Tar:7    | Reached skill level 17 in Fighting
 14549 | Hell     | Found a gateway to the freezing wastes of Cocytus.
 14563 | Coc:1    | Entered Level 1 of Cocytus
 14563 | Coc:1    | Found a gateway to Hell.
 14607 | Coc:2    | Found a gateway to Hell.
 14607 | Coc:2    | Found a gateway to Hell.
 14621 | Coc:2    | Reached skill level 15 in Transmutations
 14716 | Coc:3    | Found a gateway to Hell.
 14725 | Coc:4    | Found a gateway to Hell.
 14747 | Coc:4    | Reached skill level 21 in Dodging
 14751 | Coc:4    | Found a gateway to Hell.
 14757 | Coc:4    | Reached skill level 17 in Short Blades
 14757 | Coc:4    | Reached skill level 17 in Long Blades
 14757 | Coc:4    | Reached skill level 17 in Axes
 14757 | Coc:4    | Reached skill level 17 in Maces & Flails
 14757 | Coc:4    | Reached skill level 17 in Polearms
 14757 | Coc:4    | Reached skill level 17 in Staves
 14757 | Coc:4    | Reached skill level 17 in Slings
 14757 | Coc:4    | Reached skill level 17 in Bows
 14757 | Coc:4    | Reached skill level 17 in Crossbows
 14757 | Coc:4    | Reached skill level 17 in Throwing
 14757 | Coc:4    | Reached skill level 17 in Armour
 14757 | Coc:4    | Reached skill level 17 in Stealth
 14757 | Coc:4    | Reached skill level 17 in Shields
 14757 | Coc:4    | Reached skill level 17 in Evocations
 14822 | Coc:5    | Found a gateway to Hell.
 14843 | Coc:6    | Found a gateway to Hell.
 14912 | Coc:6    | Reached skill level 18 in Unarmed Combat
 14958 | Coc:7    | Entered Level 7 of Cocytus
 14958 | Coc:7    | Found a gateway to Hell.
 14958 | Coc:7    | Found a gateway to Hell.
 14958 | Coc:7    | Found a gateway to Hell.
 15169 | Coc:7    | Noticed Antaeus
 15211 | Coc:7    | Killed Antaeus
 15211 | Coc:7    | Reached skill level 15 in Conjurations
 15211 | Coc:7    | Reached skill level 15 in Hexes
 15211 | Coc:7    | Reached skill level 15 in Charms
 15211 | Coc:7    | Reached skill level 15 in Summonings
 15211 | Coc:7    | Reached skill level 15 in Necromancy
 15211 | Coc:7    | Reached skill level 15 in Translocations
 15211 | Coc:7    | Reached skill level 15 in Fire Magic
 15211 | Coc:7    | Reached skill level 15 in Ice Magic
 15211 | Coc:7    | Reached skill level 15 in Air Magic
 15211 | Coc:7    | Reached skill level 15 in Earth Magic
 15211 | Coc:7    | Reached skill level 15 in Poison Magic
 15263 | Coc:7    | Learned a level 8 spell: Controlled Blink
 15264 | Coc:7    | Got an icy rune of Zot
 15299 | Coc:7    | Reached skill level 18 in Spellcasting
 15449 | Hell     | Found a gateway to the ashen valley of Gehenna.
 15458 | Geh:1    | Entered Level 1 of Gehenna
 15458 | Geh:1    | Found a gateway to Hell.
 15466 | Geh:1    | Gained mutation: You occasionally shout uncontrollably at your foes. [mutagenic glow]
 15529 | Geh:2    | Found a gateway to Hell.
 15533 | Geh:3    | Found a gateway to Hell.
 15536 | Geh:4    | Found a gateway to Hell.
 15547 | Geh:5    | Found a gateway to Hell.
 15602 | Geh:6    | Found a gateway to Hell.
 15620 | Geh:7    | Entered Level 7 of Gehenna
 15620 | Geh:7    | Found a gateway to Hell.
 15620 | Geh:7    | Found a gateway to Hell.
 15620 | Geh:7    | Found a gateway to Hell.
 15668 | Geh:7    | Reached skill level 19 in Invocations
 15726 | Geh:7    | Reached skill level 22 in Dodging
 15869 | Geh:7    | Reached skill level 18 in Fighting
 15982 | Geh:7    | Got an obsidian rune of Zot
 16001 | Geh:7    | Reached skill level 18 in Short Blades
 16001 | Geh:7    | Reached skill level 18 in Long Blades
 16001 | Geh:7    | Reached skill level 18 in Axes
 16001 | Geh:7    | Reached skill level 18 in Maces & Flails
 16001 | Geh:7    | Reached skill level 18 in Polearms
 16001 | Geh:7    | Reached skill level 18 in Staves
 16001 | Geh:7    | Reached skill level 18 in Slings
 16001 | Geh:7    | Reached skill level 18 in Bows
 16001 | Geh:7    | Reached skill level 18 in Crossbows
 16001 | Geh:7    | Reached skill level 18 in Throwing
 16001 | Geh:7    | Reached skill level 18 in Armour
 16001 | Geh:7    | Reached skill level 18 in Stealth
 16001 | Geh:7    | Reached skill level 18 in Shields
 16001 | Geh:7    | Reached skill level 18 in Evocations
 16003 | Geh:7    | Noticed Asmodeus
 16018 | Geh:7    | Killed Asmodeus
 16099 | Hell     | Cast into level 5 of the Abyss (a distortion unwield)
 16099 | Abyss:5  | Entered Level 5 of the Abyss
 16106 | Abyss:5  | Found a corrupted altar of Lugonu.
 16133 | Abyss:5  | Got an abyssal rune of Zot
 16140 | Abyss:5  | Reached skill level 16 in Transmutations
 16195 | Hell     | Escaped the Abyss
 16261 | Depths:5 | Found a one-way gate leading to the halls of Pandemonium.
 16263 | Pan      | Entered Pandemonium
 16296 | Pan      | Learned a level 8 spell: Disjunction
 16361 | Pan      | Noticed Zumpih the pandemonium lord
 16364 | Pan      | Reached skill level 19 in Unarmed Combat
 16367 | Pan      | Killed Zumpih the pandemonium lord
 16380 | Pan      | Got a demonic rune of Zot
 16388 | Pan      | Entered the realm of Mnoleg.
 16404 | Pan      | Gained mutation: Scrolls take you a little longer to read. [a cacodemon]
 16411 | Pan      | Found an exit through the horrors of the Abyss.
 16509 | Pan      | Gained mutation: You are frail. (-10% HP) [a neqoxec]
 16523 | Pan      | Gained mutation: You do not regenerate when monsters are visible. [a neqoxec]
 16527 | Pan      | Lost mutation: You are frail. (-10% HP) [potion of mutation]
 16527 | Pan      | Lost mutation: Scrolls take you a little longer to read. [potion of mutation]
 16527 | Pan      | Gained mutation: You have sharp fingernails. [potion of mutation]
 16527 | Pan      | Lost mutation: You occasionally shout uncontrollably at your foes. [potion of mutation]
 16527 | Pan      | Gained mutation: You are mostly covered in thin metallic scales. (AC +3) [potion of mutation]
 16528 | Pan      | Lost mutation: Your muscles are strong. (Str +2) [potion of mutation]
 16528 | Pan      | Lost mutation: You have large cloven feet. [potion of mutation]
 16528 | Pan      | Gained mutation: Armour fits poorly on your strangely shaped body. [potion of mutation]
 16528 | Pan      | Gained mutation: You have large cloven feet. [potion of mutation]
 16529 | Pan      | Lost mutation: You do not regenerate when monsters are visible. [potion of mutation]
 16529 | Pan      | Lost mutation: You have large cloven feet. [potion of mutation]
 16529 | Pan      | Lost mutation: You are mostly covered in thin metallic scales. (AC +3) [potion of mutation]
 16529 | Pan      | Gained mutation: You are somewhat resistant to further mutation. [potion of mutation]
 16560 | Pan      | Noticed Mnoleg
 16567 | Pan      | Killed Mnoleg
 16595 | Pan      | Identified the ring "Relitel" {rCorr Str+5} (You found it in Pandemonium)
 16616 | Pan      | Got a glowing rune of Zot
 16661 | Pan      | Found an exit through the horrors of the Abyss.
 16726 | Pan      | Found a glowing golden altar of the Shining One.
 16726 | Pan      | Noticed a seraph
 16729 | Pan      | Killed a seraph
 16729 | Pan      | Reached skill level 23 in Dodging
 16751 | Pan      | Identified the +0 cloak "Sypu" {MR+} (You found it in Pandemonium)
 16755 | Depths:5 | Escaped Pandemonium
 16760 | Pan      | Entered Pandemonium
 16762 | Pan      | Found an exit through the horrors of the Abyss.
 16805 | Pan      | Noticed Fuurei the pandemonium lord
 16809 | Pan      | Killed Fuurei the pandemonium lord
 16809 | Pan      | Reached skill level 19 in Spellcasting
 16809 | Pan      | Reached skill level 16 in Conjurations
 16809 | Pan      | Reached skill level 16 in Hexes
 16809 | Pan      | Reached skill level 16 in Charms
 16809 | Pan      | Reached skill level 16 in Summonings
 16809 | Pan      | Reached skill level 16 in Necromancy
 16809 | Pan      | Reached skill level 16 in Translocations
 16809 | Pan      | Reached skill level 16 in Fire Magic
 16809 | Pan      | Reached skill level 16 in Ice Magic
 16809 | Pan      | Reached skill level 16 in Air Magic
 16809 | Pan      | Reached skill level 16 in Earth Magic
 16809 | Pan      | Reached skill level 16 in Poison Magic
 16823 | Pan      | Found a runed door.
 16831 | Pan      | Found a runed door.
 16832 | Pan      | Found a runed door.
 16985 | Pan      | Reached skill level 20 in Invocations
 17008 | Pan      | Noticed Verra the pandemonium lord
 17015 | Pan      | Killed Verra the pandemonium lord
 17140 | Pan      | Noticed Sualuhots the pandemonium lord
 17167 | Pan      | Entered the realm of Gloorx Vloq.
 17382 | Pan      | Reached skill level 19 in Fighting
 17384 | Pan      | Noticed Gloorx Vloq
 17399 | Pan      | Killed Gloorx Vloq
 17415 | Pan      | Got a dark rune of Zot
 17441 | Pan      | Entered the realm of Cerebov.
 17521 | Pan      | Reached skill level 19 in Short Blades
 17521 | Pan      | Reached skill level 19 in Long Blades
 17521 | Pan      | Reached skill level 19 in Axes
 17521 | Pan      | Reached skill level 19 in Maces & Flails
 17521 | Pan      | Reached skill level 19 in Polearms
 17521 | Pan      | Reached skill level 19 in Staves
 17521 | Pan      | Reached skill level 19 in Slings
 17521 | Pan      | Reached skill level 19 in Bows
 17521 | Pan      | Reached skill level 19 in Crossbows
 17521 | Pan      | Reached skill level 19 in Throwing
 17521 | Pan      | Reached skill level 19 in Armour
 17521 | Pan      | Reached skill level 19 in Stealth
 17521 | Pan      | Reached skill level 19 in Shields
 17521 | Pan      | Reached skill level 19 in Evocations
 17541 | Pan      | Noticed Cerebov
 17581 | Pan      | Killed Cerebov
 17590 | Pan      | Got a fiery rune of Zot
 17644 | Pan      | Identified Sif Muna's Tome of Creative Displacement
 17648 | Pan      | Identified the +4 troll leather armour of Weirdness {Regen+ MP-9 Str+2 Int+2 Dex+3} (You found it in Pandemonium)
 17673 | Pan      | Learned a level 9 spell: Shatter
 17687 | Pan      | Identified the ring of Tifidd {*Drain rPois MR++ AC+4 Stlth+} (You found it in Pandemonium)
 17810 | Pan      | Entered the realm of Lom Lobon.
 17810 | Pan      | Noticed Lom Lobon
 17812 | Pan      | Got a magical rune of Zot
 17872 | Pan      | Noticed Noxiqido the pandemonium lord
 17880 | Pan      | Killed Noxiqido the pandemonium lord
 17905 | Depths:5 | Escaped Pandemonium
 17933 | Zot:1    | Entered Level 1 of the Realm of Zot
 18075 | Zot:1    | Reached skill level 20 in Unarmed Combat
 18090 | Zot:2    | Reached skill level 17 in Transmutations
 18191 | Zot:5    | Entered Level 5 of the Realm of Zot
 18265 | Zot:5    | Noticed an ancient lich
 18272 | Zot:5    | Killed an ancient lich
 18303 | Zot:5    | Reached skill level 24 in Dodging
 18316 | Zot:5    | Noticed an orb of fire
 18318 | Zot:5    | Noticed an orb of fire
 18322 | Zot:5    | Gained mutation: Your body sometimes deteriorates upon taking damage. [an orb of fire]
 18324 | Zot:5    | Killed an orb of fire
 18324 | Zot:5    | Reached skill level 20 in Throwing
 18324 | Zot:5    | Reached skill level 20 in Spellcasting
 18324 | Zot:5    | Reached skill level 21 in Invocations
 18326 | Zot:5    | Killed an orb of fire
 18360 | Zot:5    | Noticed an ancient lich
 18364 | Zot:5    | Noticed an orb of fire
 18372 | Zot:5    | Reached skill level 17 in Conjurations
 18372 | Zot:5    | Reached skill level 17 in Hexes
 18372 | Zot:5    | Reached skill level 17 in Charms
 18372 | Zot:5    | Reached skill level 17 in Summonings
 18372 | Zot:5    | Reached skill level 17 in Necromancy
 18372 | Zot:5    | Reached skill level 17 in Translocations
 18372 | Zot:5    | Reached skill level 17 in Fire Magic
 18372 | Zot:5    | Reached skill level 17 in Ice Magic
 18372 | Zot:5    | Reached skill level 17 in Air Magic
 18372 | Zot:5    | Reached skill level 17 in Earth Magic
 18372 | Zot:5    | Reached skill level 17 in Poison Magic
 18377 | Zot:5    | Noticed an ancient lich
 18377 | Zot:5    | Noticed an ancient lich
 18380 | Zot:5    | Killed an ancient lich
 18381 | Zot:5    | Killed an ancient lich
 18381 | Zot:5    | Killed an ancient lich
 18381 | Zot:5    | Gained mutation: Your spells are a little easier to cast, but a little less powerful. [an orb of fire]
 18383 | Zot:5    | Noticed an ancient lich
 18383 | Zot:5    | Killed an orb of fire
 18395 | Zot:5    | Killed an ancient lich
 18405 | Zot:5    | Noticed an ancient lich
 18410 | Zot:5    | Killed an ancient lich
 18429 | Zot:5    | Got the Orb of Zot
 18437 | Zot:5    | Reached skill level 20 in Fighting
 18443 | Zot:5    | Noticed an ancient lich
 18446 | Zot:5    | Killed an ancient lich
 18469 | Zot:5    | Noticed an ancient lich
 18473 | Zot:5    | Killed an ancient lich
 18483 | Zot:5    | Reached skill level 20 in Short Blades
 18483 | Zot:5    | Reached skill level 20 in Long Blades
 18483 | Zot:5    | Reached skill level 20 in Axes
 18483 | Zot:5    | Reached skill level 20 in Maces & Flails
 18483 | Zot:5    | Reached skill level 20 in Polearms
 18483 | Zot:5    | Reached skill level 20 in Staves
 18483 | Zot:5    | Reached skill level 20 in Slings
 18483 | Zot:5    | Reached skill level 20 in Bows
 18483 | Zot:5    | Reached skill level 20 in Crossbows
 18483 | Zot:5    | Reached skill level 20 in Armour
 18483 | Zot:5    | Reached skill level 20 in Stealth
 18483 | Zot:5    | Reached skill level 20 in Shields
 18483 | Zot:5    | Reached skill level 20 in Evocations
 18517 | Zot:5    | Noticed an ancient lich
 18519 | Zot:5    | Killed an ancient lich
 18521 | Zot:5    | Noticed an ancient lich
 18557 | Zot:2    | Noticed an orb of fire
 18568 | Zot:2    | Gained mutation: Your body often deteriorates upon taking damage. [an orb of fire]
 18571 | Zot:2    | Gained mutation: Your magical capacity is low. (-10% MP) [an orb of fire]
 18572 | Zot:2    | Killed an orb of fire
 18572 | Zot:2    | Reached skill level 21 in Throwing
 18588 | Zot:2    | Noticed Quunouqi the pandemonium lord
 18598 | Zot:2    | Killed Quunouqi the pandemonium lord
 18656 | Zot:1    | Learned a level 8 spell: Disjunction
 18921 | Vaults:2 | Noticed Wocepnep the pandemonium lord
 18930 | Vaults:2 | Killed Wocepnep the pandemonium lord
 18957 | Vaults:2 | Reached skill level 21 in Unarmed Combat
 18966 | Vaults:2 | Noticed Mennas
 18983 | Vaults:2 | Killed Mennas
 19000 | Vaults:2 | Reached skill level 18 in Transmutations
 19008 | Vaults:2 | Noticed Ucufizo the pandemonium lord
 19016 | Vaults:2 | Cast into level 5 of the Abyss (Ucufizo)
 19016 | Abyss:5  | Entered Level 5 of the Abyss
 19016 | Abyss:5  | Found a corrupted altar of Lugonu.
 19028 | Vaults:2 | Escaped the Abyss
 19029 | Vaults:2 | Killed Ucufizo the pandemonium lord
 19189 | Vaults:2 | Found a staircase to the Crypt.
 19198 | Crypt:1  | Entered Level 1 of the Crypt
 19247 | Crypt:1  | Noticed Utiamuth the pandemonium lord
 19253 | Crypt:2  | Reached skill level 22 in Invocations
 19289 | Crypt:2  | Noticed Frederick
 19300 | Crypt:2  | Killed Frederick
 19318 | Crypt:2  | Reached skill level 21 in Spellcasting
 19330 | Crypt:3  | Entered Level 3 of the Crypt
 19364 | Crypt:3  | Found a staircase to the Tomb.
 19372 | Tomb:1   | Entered Level 1 of the Tomb of the Ancients
 19381 | Tomb:1   | Reached skill level 22 in Throwing
 19401 | Tomb:1   | Noticed a greater mummy
 19401 | Tomb:1   | Noticed a greater mummy
 19403 | Tomb:1   | Noticed a greater mummy
 19404 | Tomb:1   | Noticed a greater mummy
 19411 | Tomb:1   | Noticed a greater mummy
 19413 | Tomb:1   | Noticed a greater mummy
 19413 | Tomb:1   | Noticed a greater mummy
 19413 | Tomb:1   | Noticed a greater mummy
 19416 | Tomb:1   | HP: 24/301 [greater mummy/divine providence (11)]
 19421 | Tomb:1   | HP: 22/301 [greater mummy/divine providence (10)]
 19423 | Tomb:1   | HP: 3/301 [greater mummy/divine providence (16)]
 19442 | Tomb:1   | Noticed Yfarapt the pandemonium lord
 19448 | Tomb:1   | Killed Yfarapt the pandemonium lord
 19470 | Tomb:1   | Noticed a greater mummy
 19476 | Tomb:1   | Killed a greater mummy
 19479 | Tomb:1   | Killed a greater mummy
 19482 | Tomb:1   | Killed a greater mummy
 19483 | Tomb:1   | Killed a greater mummy
 19483 | Tomb:1   | Reached skill level 18 in Conjurations
 19483 | Tomb:1   | Reached skill level 18 in Hexes
 19483 | Tomb:1   | Reached skill level 18 in Charms
 19483 | Tomb:1   | Reached skill level 18 in Summonings
 19483 | Tomb:1   | Reached skill level 18 in Necromancy
 19483 | Tomb:1   | Reached skill level 18 in Translocations
 19483 | Tomb:1   | Reached skill level 18 in Fire Magic
 19483 | Tomb:1   | Reached skill level 18 in Ice Magic
 19483 | Tomb:1   | Reached skill level 18 in Air Magic
 19483 | Tomb:1   | Reached skill level 18 in Earth Magic
 19483 | Tomb:1   | Reached skill level 18 in Poison Magic
 19488 | Tomb:1   | Noticed a greater mummy
 19489 | Tomb:1   | Killed a greater mummy
 19491 | Tomb:1   | Killed a greater mummy
 19496 | Tomb:1   | Killed a greater mummy
 19533 | Tomb:1   | Noticed a greater mummy
 19543 | Tomb:1   | Killed a greater mummy
 19546 | Tomb:1   | Paralysed by a sphinx for 5 turns
 19563 | Tomb:1   | Killed a greater mummy
 19580 | Tomb:1   | Noticed a greater mummy
 19585 | Tomb:1   | Killed a greater mummy
 19585 | Tomb:1   | Reached skill level 21 in Fighting
 19590 | Tomb:1   | Reached skill level 25 in Dodging
 19599 | Tomb:1   | HP: 20/304 [Orb Guardian (24)]
 19600 | Tomb:1   | Killed a greater mummy
 19605 | Tomb:1   | HP: 16/304 [guardian mummy's death curse (13)]
 19614 | Tomb:1   | HP: 28/304 [balrug/demon whip of venom (9)]
 19682 | Tomb:2   | Noticed a greater mummy
 19688 | Tomb:2   | Noticed a greater mummy
 19732 | Tomb:2   | Reached skill level 21 in Short Blades
 19732 | Tomb:2   | Reached skill level 21 in Long Blades
 19732 | Tomb:2   | Reached skill level 21 in Axes
 19732 | Tomb:2   | Reached skill level 21 in Maces & Flails
 19732 | Tomb:2   | Reached skill level 21 in Polearms
 19732 | Tomb:2   | Reached skill level 21 in Staves
 19732 | Tomb:2   | Reached skill level 21 in Slings
 19732 | Tomb:2   | Reached skill level 21 in Bows
 19732 | Tomb:2   | Reached skill level 21 in Crossbows
 19732 | Tomb:2   | Reached skill level 21 in Armour
 19732 | Tomb:2   | Reached skill level 21 in Stealth
 19732 | Tomb:2   | Reached skill level 21 in Shields
 19732 | Tomb:2   | Reached skill level 21 in Evocations
 19736 | Tomb:2   | Noticed a greater mummy
 19739 | Tomb:2   | Killed a greater mummy
 19762 | Tomb:2   | Noticed a greater mummy
 19772 | Tomb:2   | Killed a greater mummy
 19787 | Tomb:2   | Noticed Qeutuaje the pandemonium lord
 19798 | Tomb:2   | Killed a greater mummy
 19802 | Tomb:2   | HP: 29/304 [greater mummy/divine providence (13)]
 19804 | Tomb:2   | Killed Erailaho the pandemonium lord
 19805 | Tomb:2   | Killed Qeutuaje the pandemonium lord
 19808 | Tomb:2   | HP: 30/304 [death scarab (3)]
 19809 | Tomb:2   | HP: 13/304 [jiangshi[a greater mummy] (13)]
 19809 | Tomb:2   | Killed a greater mummy
 19877 | Tomb:3   | Entered Level 3 of the Tomb of the Ancients
 19887 | Tomb:3   | Noticed a greater mummy
 19888 | Tomb:3   | Noticed a greater mummy
 19888 | Tomb:3   | Noticed a greater mummy
 19888 | Tomb:3   | Noticed a greater mummy
 19888 | Tomb:3   | Noticed an ancient lich
 19891 | Tomb:3   | Killed an ancient lich
 19892 | Tomb:3   | Killed a greater mummy
 19892 | Tomb:3   | Killed a greater mummy
 19892 | Tomb:3   | Reached skill level 23 in Throwing
 19893 | Tomb:3   | Killed a greater mummy
 19895 | Tomb:3   | HP: 15/304 [reaper/scythe of flaming[a greater mummy's death curse] (28)]
 19900 | Tomb:3   | Got a golden rune of Zot
 19912 | Tomb:3   | Learned a level 8 spell: Ignition
 19914 | Tomb:3   | Gained mutation: Your magical capacity is very low. (-20% MP) [mutagenic glow]
 19997 | Tomb:3   | Noticed an ancient lich
 20000 | Tomb:3   | Killed an ancient lich
 20016 | Tomb:3   | Noticed a greater mummy
 20025 | Tomb:3   | Killed a greater mummy
 20027 | Tomb:3   | Noticed a greater mummy
 20035 | Tomb:3   | Killed a greater mummy
 20100 | Tomb:3   | Killed a greater mummy
 20100 | Tomb:3   | Reached skill level 22 in Unarmed Combat
 20146 | Tomb:2   | Noticed Xiosk the pandemonium lord
 20150 | Tomb:2   | Killed Xiosk the pandemonium lord
 20205 | Tomb:1   | Identified the Papyrus of Frigorific Poisoning
 20211 | Tomb:1   | Reached skill level 23 in Invocations
 20273 | Crypt:2  | Noticed Igaonuh the pandemonium lord
 20276 | Crypt:2  | Noticed Yjorphesm the pandemonium lord
 20372 | Vaults:2 | Reached skill level 19 in Transmutations
 20668 | D:3      | Noticed Natasha
 20668 | D:3      | Killed Natasha
 20736 | D:$      | Escaped with the Orb!

Skill      XL: |  1  2  3  4  5  6  7  8  9 10 11 12 13 14 15 16 17 18 19 20 21 22 23 24 25 26 27 |
---------------+----------------------------------------------------------------------------------+-----
Spellcasting   | 5 6 7 8 9 10 11 12 13 14 15 16 21 | 21.9
Invocations    | 1 2 3 4 5 6 7 8 9 10 11 12 13 14 15 16 23 | 23.1
Short Blades   | 1 2 3 4 5 6 7 8 9 10 11 12 13 14 15 21 | 21.5
Long Blades    | 1 2 3 4 5 6 7 8 9 10 11 12 13 14 15 21 | 21.5
Axes           | 1 2 3 4 5 6 7 8 9 10 11 12 13 14 15 21 | 21.5
Maces & Flails | 1 2 3 4 5 6 7 8 9 10 11 12 13 14 15 21 | 21.5
Polearms       | 1 2 3 4 5 6 7 8 9 10 11 12 13 14 15 21 | 21.5
Staves         | 1 2 3 4 5 6 7 8 9 10 11 12 13 14 15 21 | 21.5
Slings         | 1 2 3 4 5 6 7 8 9 10 11 12 13 14 15 21 | 21.5
Bows           | 1 2 3 4 5 6 7 8 9 10 11 12 13 14 15 21 | 21.5
Crossbows      | 1 2 3 4 5 6 7 8 9 10 11 12 13 14 15 21 | 21.5
Throwing       | 1 2 3 4 5 6 7 8 9 10 11 12 13 14 15 23 | 23.6
Armour         | 1 2 3 4 5 6 7 8 9 10 11 12 13 14 15 21 | 21.5
Stealth        | 1 2 3 4 5 6 7 8 9 10 11 12 13 14 15 21 | 21.5
Shields        | 1 2 3 4 5 6 7 8 9 10 11 12 13 14 15 21 | 21.5
Evocations     | 1 2 3 4 5 6 7 8 9 10 11 12 13 14 15 21 | 21.5
Conjurations   | 1 2 3 4 5 6 7 8 9 10 11 12 13 18 | 18.7
Hexes          | 1 2 3 4 5 6 7 8 9 10 11 12 13 18 | 18.7
Charms         | 1 2 3 4 5 6 7 8 9 10 11 12 13 18 | 18.7
Summonings     | 1 2 3 4 5 6 7 8 9 10 11 12 13 18 | 18.7
Necromancy     | 1 2 3 4 5 6 7 8 9 10 11 12 13 18 | 18.7
Translocations | 1 2 3 4 5 6 7 8 9 10 11 12 13 18 | 18.7
Fire Magic     | 1 2 3 4 5 6 7 8 9 10 11 12 13 18 | 18.7
Ice Magic      | 1 2 3 4 5 6 7 8 9 10 11 12 13 18 | 18.7
Air Magic      | 1 2 3 4 5 6 7 8 9 10 11 12 13 18 | 18.7
Earth Magic    | 1 2 3 4 5 6 7 8 9 10 11 12 13 18 | 18.7
Poison Magic   | 1 2 3 4 5 6 7 8 9 10 11 12 13 18 | 18.7
Fighting       | 3 4 5 6 7 8 9 10 11 12 13 14 15 21 | 21.6
Dodging        | 5 6 7 8 9 10 11 12 13 14 15 16 17 18 19 25 | 25.5
Transmutations | 4 5 6 7 8 9 10 11 12 13 19 | 19.0
Unarmed Combat | 7 8 9 10 11 12 13 14 15 16 22 | 22.1

Action                   |  1- 3 |  4- 6 |  7- 9 | 10-12 | 13-15 | 16-18 | 19-21 | 22-24 | 25-27 || total
-------------------------+-------+-------+-------+-------+-------+-------+-------+-------+-------++-------
Melee: Unarmed           |    73 |    42 |   178 |   239 |   314 |    34 |       |       |    19 ||   899
       Kick              |    12 |       |       |       |       |       |       |    35 |   852 ||   899
       Bite              |     5 |       |       |    40 |    56 |   107 |   134 |    41 |   587 ||   970
       Headbutt          |     2 |       |     1 |       |       |    12 |       |       |       ||    15
       Punch             |     1 |       |     1 |     9 |    22 |     6 |       |       |       ||    39
       Dagger            |       |       |     5 |    51 |    36 |       |       |       |       ||    92
       Demon blade       |       |       |       |       |    24 |   431 |   464 |   110 |  1438 ||  2467
       Eudemon blade     |       |       |       |       |       |       |       |       |   340 ||   340
       Broad axe         |       |       |       |       |       |       |       |       |    13 ||    13
Throw: Stone             |       |       |       |    35 |     7 |     2 |       |       |       ||    44
       Tomahawk          |       |       |       |       |    28 |    41 |    22 |     1 |    53 ||   145
 Cast: Beastly Appendage |    16 |       |     1 |       |       |       |       |       |       ||    17
       Sticks to Snakes  |     2 |     3 |    12 |     6 |     4 |    10 |       |       |    10 ||    47
       Spider Form       |     3 |     5 |     1 |       |       |       |       |       |       ||     9
       Ice Form          |       |     1 |    20 |     3 |     2 |       |       |       |       ||    26
       Sandblast         |       |       |     3 |    22 |    81 |    46 |       |       |       ||   152
       Passwall          |       |       |    11 |    41 |    15 |    34 |    23 |     2 |    99 ||   225
       Mephitic Cloud    |       |       |     4 |    11 |       |       |       |       |       ||    15
       Blade Hands       |       |       |       |    36 |    41 |     2 |       |       |       ||    79
       Apportation       |       |       |       |    21 |   118 |   110 |    56 |    36 |    83 ||   424
       Passage of Golubr |       |       |       |    14 |   149 |   116 |    32 |     6 |   249 ||   566
       Regeneration      |       |       |       |     2 |    30 |    10 |    10 |     4 |   117 ||   173
       Summon Lightning  |       |       |       |       |    18 |    22 |     3 |     1 |    20 ||    64
       Blink             |       |       |       |       |     8 |    17 |    12 |     8 |   197 ||   242
       Borgnjor's Vile C |       |       |       |       |     7 |    78 |   116 |    27 |   435 ||   663
       Lesser Beckoning  |       |       |       |       |       |     9 |    37 |     4 |    79 ||   129
       Spectral Weapon   |       |       |       |       |       |     3 |     1 |       |     3 ||     7
       Animate Dead      |       |       |       |       |       |       |    13 |       |     2 ||    15
       Song of Slaying   |       |       |       |       |       |       |     4 |       |     1 ||     5
       Lee's Rapid Decon |       |       |       |       |       |       |       |     5 |    16 ||    21
       Statue Form       |       |       |       |       |       |       |       |     5 |   161 ||   166
       Irradiate         |       |       |       |       |       |       |       |     3 |    61 ||    64
       Shatter           |       |       |       |       |       |       |       |       |    58 ||    58
       Controlled Blink  |       |       |       |       |       |       |       |       |    24 ||    24
       Ignition          |       |       |       |       |       |       |       |       |     2 ||     2
Invok: Bend Time         |       |       |     1 |       |       |       |       |       |    14 ||    15
       Slouch            |       |       |       |     3 |    11 |    12 |     8 |     9 |    82 ||   125
       Step From Time    |       |       |       |       |     1 |       |       |       |     2 ||     3
       Temporal Distorti |       |       |       |       |     1 |       |       |       |     2 ||     3
 Abil: End Transformatio |       |       |     3 |     9 |    25 |       |       |       |     1 ||    38
       Evoke Flight      |       |       |       |       |       |       |     1 |       |     1 ||     2
Evoke: Wand              |       |       |     9 |    19 |    26 |     8 |     4 |     3 |    39 ||   108
       Lamp of fire      |       |       |       |       |       |     1 |       |       |     2 ||     3
       Lightning rod     |       |       |       |       |       |     3 |     6 |       |       ||     9
       Staff of energy   |       |       |       |       |       |       |       |       |    11 ||    11
       Box of beasts     |       |       |       |       |       |       |       |       |     2 ||     2
       Phantom mirror    |       |       |       |       |       |       |       |       |     2 ||     2
  Use: Potion            |       |     3 |     6 |     4 |     1 |    10 |     2 |     2 |    38 ||    66
       Scroll            |       |       |     6 |    18 |    18 |    18 |     8 |     6 |    47 ||   121
 Stab: Sleeping          |     5 |     1 |     5 |    25 |    17 |    26 |     4 |     3 |    19 ||   105
       Confused          |       |       |     2 |     2 |       |       |       |       |       ||     4
       Distracted        |       |       |       |     4 |     5 |    14 |    14 |     1 |    11 ||    49
       Invisible         |       |       |       |       |       |       |       |       |     2 ||     2
  Eat: Chunk             |       |       |     5 |     5 |     1 |     3 |       |       |     1 ||    15
       Ration            |       |       |     1 |     2 |     5 |     1 |     7 |     1 |    18 ||    35
Armor: Robe              |     7 |       |     1 |       |       |       |       |       |       ||     8
       Skin              |     3 |     1 |    35 |     8 |       |    11 |       |    48 |  1013 ||  1119
       Leather armour    |       |       |       |    47 |    75 |    54 |    55 |     4 |    16 ||   251
Dodge: Dodged            |    36 |    29 |   140 |   234 |   430 |   327 |   404 |   187 |  5092 ||  6879
       Deflected         |       |       |       |       |    16 |    26 |    14 |     7 |    14 ||    77
Block: Buckler           |       |       |       |    12 |    55 |       |       |       |       ||    67
       Shield            |       |       |       |       |    32 |   351 |   400 |   150 |  4328 ||  5261
       Rpst.: Demon blade |       |       |       |       |       |    46 |    52 |    37 |   741 ||   876
       Eudemon blade     |       |       |       |       |       |       |       |       |   102 ||   102

Table legend:
 A = Turns spent in this place as a percentage of turns spent in the entire game.
 B = Non-inter-level travel turns spent in this place as a percentage of non-inter-level travel turns spent in the entire game.
 C = Inter-level travel turns spent in this place as a percentage of turns spent in this place.
 D = Turns resting spent in this place as a percentage of non-inter-level travel turns spent in this place.
 E = Turns spent auto-exploring this place as a percentage of non-inter-level travel turns spent in this place.
 F = Non-inter-level travel turns spent in this place divided by the number of levels of this place that you've seen.
                   A       B       C       D       E      F
               +-------+-------+-------+-------+-------+----------------------
         Total | 100.0 | 100.0 |   0.1 |   0.0 |   0.0 | 172.7
       Dungeon |  22.2 |  22.3 |   0.0 |   0.0 |   0.0 | 307.5
        Temple |   0.4 |   0.3 |  21.8 |   0.0 |   0.0 |  61.0
          Lair |   6.8 |   6.8 |   0.0 |   0.0 |   0.0 | 233.8
         Swamp |   4.1 |   4.1 |   0.0 |   0.0 |   0.0 | 214.5
     Snake Pit |   4.8 |   4.8 |   0.0 |   0.0 |   0.0 | 247.0
    Slime Pits |   2.6 |   2.6 |   0.0 |   0.0 |   0.0 | 106.4
  Orcish Mines |   3.3 |   3.3 |   0.0 |   0.0 |   0.0 | 345.5
        Vaults |  11.1 |  11.1 |   0.0 |   0.0 |   0.0 | 461.0
         Crypt |   1.4 |   1.4 |   0.0 |   0.0 |   0.0 |  96.3
          Tomb |   4.2 |   4.2 |   0.0 |   0.0 |   0.0 | 289.0
        Depths |   5.8 |   5.8 |   0.0 |   0.0 |   0.0 | 242.0
          Hell |   1.1 |   1.1 |   0.0 |   0.0 |   0.0 | 230.0
           Dis |   3.9 |   3.9 |   0.0 |   0.0 |   0.0 | 115.6
       Gehenna |   3.1 |   3.1 |   0.0 |   0.0 |   0.0 |  91.0
       Cocytus |   4.0 |   4.0 |   0.0 |   0.0 |   0.0 | 118.9
      Tartarus |   4.5 |   4.5 |   0.0 |   0.0 |   0.0 | 133.9
           Zot |   3.7 |   3.7 |   0.0 |   0.0 |   0.0 | 153.0
         Abyss |   0.5 |   0.5 |   0.0 |   0.0 |   0.0 |  54.0
   Pandemonium |   7.9 |   7.9 |   0.0 |   0.0 |   0.0 |  90.9
      Ziggurat |   1.8 |   1.8 |   0.0 |   0.0 |   0.0 |  34.2
     Labyrinth |   1.1 |   1.1 |   0.0 |   0.0 |   0.0 | 232.0
        Bailey |   1.6 |   1.6 |   0.0 |   0.0 |   0.0 | 339.0
               +-------+-------+-------+-------+-------+----------------------

Table legend:
 A = Kills in this place as a percentage of kills in entire the game.
 B = Kills by you in this place as a percentage of kills by you in the entire game.
 C = Kills by friends in this place as a percentage of kills by friends in the entire game.
 D = Other kills in this place as a percentage of other kills in the entire game.
 E = Experience gained in this place as a percentage of experience gained in the entire game.
 F = Experience gained in this place divided by the number of levels of this place that you have seen.
                   A       B       C       D       E      F
               +-------+-------+-------+-------+-------+----------------------
         Total | 100.0 | 100.0 | 100.0 | 100.0 | 100.0 | 22721.2
       Dungeon |   9.0 |   9.1 |   7.4 |   0.0 |   1.5 | 2663.9
          Lair |   3.7 |   3.7 |   5.0 |   0.0 |   1.0 | 4605.0
         Swamp |   3.1 |   2.8 |  10.7 |   3.8 |   1.7 | 11575.5
     Snake Pit |   3.7 |   3.6 |   7.4 |   0.0 |   2.3 | 15496.5
    Slime Pits |   2.0 |   1.7 |   9.1 |   0.0 |   1.7 | 9122.8
  Orcish Mines |   3.6 |   3.8 |   0.0 |   0.0 |   0.5 | 6612.5
        Vaults |   9.5 |   9.1 |  19.8 |   7.7 |  12.0 | 65354.8
         Crypt |   3.1 |   3.2 |   0.0 |   0.0 |   3.0 | 26909.3
          Tomb |   8.8 |   9.1 |   0.0 |   7.7 |  11.9 | 108316.3
        Depths |   6.9 |   6.5 |  19.0 |   3.8 |   6.3 | 34626.8
          Hell |   2.2 |   2.3 |   0.0 |   0.0 |   1.8 | 49007.0
           Dis |   4.8 |   4.9 |   0.8 |   3.8 |   6.4 | 24966.4
       Gehenna |   7.5 |   7.7 |   0.0 |  26.9 |   5.9 | 22840.4
       Cocytus |   6.0 |   6.2 |   1.7 |   3.8 |   5.9 | 22822.9
      Tartarus |   7.2 |   7.4 |   1.7 |   3.8 |   9.1 | 35595.0
           Zot |   3.8 |   3.9 |   0.8 |   0.0 |  12.5 | 68150.2
         Abyss |   0.9 |   1.0 |   0.0 |   3.8 |   0.9 | 11838.5
   Pandemonium |   8.4 |   8.3 |  13.2 |   7.7 |  11.9 | 18097.3
      Ziggurat |   4.5 |   4.6 |   0.0 |   3.8 |   3.6 | 9037.3
     Labyrinth |   0.0 |   0.0 |   0.0 |   0.0 |   0.0 | 1098.0
        Bailey |   1.2 |   1.0 |   3.3 |  23.1 |   0.1 | 2981.0
               +-------+-------+-------+-------+-------+----------------------

Vault maps used:
D:1:      sevenhm_arrival_forest_fort_small_4
D:2:      kiku_gazebo_garden_becter
D:3:      st_stairs_1, saegor_snake_ambush, uniq_natasha
D:4:      temple_pool_b, first_ration, uniq_menkaure, uniq_grinder,
          uniq_crazy_yiuf_cottage
D:5:      gup_sewer_entry_spiral, serial_shops, nicolae_shop_statue_plus,
          uniq_eustachio
D:6:      uniq_pikel, uniq_sigmund
D:7:      minmay_cornered_nines, minmay_overflow_temple_star_hex, serial_shops,
          kennysheep_little_box, kennysheep_mini_moat, shop, shop,
          nicolae_shop_waterfront, grunt_ministairs_13
D:8:      overflow_temple_1_default, lair_entry_dummy, enter_bailey_2
D:9:      old_standard_altar, david_orc_2, basic_altar
D:10:     serial_shops, nicolae_shop_temple_entry_statues_fountains,
          bh_hangedman_babel_library
D:11:     lab_entry_generic, blue_anna_alchemist, library_closet,
          nicolae_qazlal_general_emergency
D:12:     eino_small_chamber_without_monster, kennysheep_generic_room_2
D:13:     grunt_vaults_entry_fortified
D:14:     serial_shops, nicolae_shop_behind_doors, hangedman_decor_slide_cut
D:15:     grunt_enter_depths_hoard, minmay_hedge_maze, uniq_nessos, uniq_azrael
Temple:   jpeg_temple_clearing
Lair:1:   grunt_forest_large_clearings
Lair:2:   nicolae_swamp_entry_splash_gauntlet
Lair:3:   dummy_snake_entry, grunt_forest_large_clearing_hut
Lair:4:   uniq_urug
Lair:5:   enter_volcano_3
Lair:6:   cheibrodos_lair_end_hotspot, slime_altar_1
Swamp:1:  evilmike_swamp_ruin_rubble_1, infiniplex_staircase_pool_2
Swamp:2:  hangedman_swamp_ruin_wall, uniq_frances, uniq_aizul, uniq_kirke
Swamp:3:  evilmike_swamp_ruin_house_2
Swamp:4:  swamp_basic_johnstein, swamp_pool4
Snake:1:  minmay_shoptagon
Snake:2:  special_room, grunt_megastairs_2, uniq_vashnia
Snake:3:  hangedman_cross_stitches, uniq_jorgrun, uniq_agnes
Snake:4:  minmay_snake_end_coiled, nrook_guardian_serpent_double
Slime:1:  cheibrodos_slime_lost_civilization_5
Slime:3:  uniq_dissolution
Slime:4:  basic_altar
Orc:1:    basic_altar
Orc:2:    pubby_orc_utopia
Vaults:1: v_misc_28, v_misc_16, ontoclasm_vaults_tryst,
          nicolae_vaults_network_square, hangedman_vaults_cutoff,
          vaults_mumra_lcd, vaults_dpeg_hooks, ontoclasm_vaults_claustrophobia,
          vaults_room_corners, vaults_room_hangedman_quadrants,
          hangedman_vaults_maws, v_alt_pattern_1,
          nicolae_vaults_yaktaur_gun_rack, serial_shops, nicolae_shop_stone
Vaults:2: v_pattern_5, minmay_crypt_entry_vampire_xt, st_octagons_2,
          ontoclasm_vaults_chip, nicolae_vaults_diagonal_hallway_9,
          nicolae_vaults_what_the_h, hangedman_vaults_impose, v_misc_4,
          grunt_vaults_funnel, nicolae_vaults_angled_halls,
          nicolae_vaults_circle_grid_b, uniq_bai_suzhen, uniq_mennas, uniq_mara
Vaults:3: v_misc_30, hangedman_vaults_hat, nicolae_vaults_network_periphery,
          v_misc_13, hangedman_vaults_slither, hangedman_vaults_stagger,
          v_misc_4, nicolae_vaults_quartermaster,
          hangedman_vaults_stretched_pinwheel, vaults_room_fancy_cross,
          ontoclasm_vaults_ring_square
Vaults:4: ontoclasm_vaults_ring_square, vaults_room_hallway,
          ontoclasm_vaults_gateway, nicolae_vaults_alarming, st_lattice,
          ontoclasm_vaults_twist, vaults_room_grunt_arrival_checkpoint,
          nicolae_vaults_little_squares_3, serial_shops, shop
Crypt:1:  grunt_megastairs_4
Crypt:2:  uniq_frederick
Crypt:3:  david_glass_crypt, nicolae_tomb_entry_grand_gallery
Depths:1: serial_sigils_hangedman_shear, grunt_hell_entry_dis_old, abyss_entry,
          spider_trap, kennysheep_cross_room, kennysheep_kite_vault
Depths:2: minmay_nested_s, pf_hell_entry_tar_river,
          serial_sigils_hangedman_leer, serial_bayou_shore_a, uniq_saint_roka
Depths:3: minmay_the_grid_octo_2x2, grunt_pan_entry_sceptre, hell_entry,
          cheibriados_altar_1, lemuel_freeze_loot_1, serial_bayou_shore_b
Depths:4: cheibrodos_spurs, enter_ziggurat_e, abyss_entry_crystal, hell_entry,
          grunt_decor_mini_mirrors, infiniplex_staircase_split_hallway
Depths:5: evilmike_zot_entry_argh, rand_demon_pan_entry_7,
          hangedman_abyss_entry_splay, ashenzari_altar_1,
          pf_vacation_house_of_asmodeus, serial_shops, nicolae_shop_waterfront
Dis:1:    hangedman_dis_decor_blocks_talon
Dis:7:    dis_grunt_layers
Geh:1:    hangedman_gehenna_grave_pits
Geh:7:    geh_hangedman
Coc:7:    coc_old
Tar:2:    grunt_deathspiral_small
Tar:3:    grunt_megastairs_3
Tar:6:    lemuel_nasty_fountain
Tar:7:    tar_old
Zot:2:    grunt_ministairs_2
Zot:3:    hangedman_player_shredder
Zot:4:    grunt_megastairs_5
Abyss:5:  evilmike_abyss_exit_12, grunt_abyss_rune_forest_and_sorcery,
          minivault_25, gammafunk_abyss_exit_x_factor
Pan:      grunt_pan_pentagram, nicolae_pan_sigil_uleosi,
          nicolae_pan_lom_lobonic_3, nicolae_pan_double_arrow,
          reaverb_pan_chaos_star, nicolae_pan_cerebovesque_2,
          evilmike_mnoleg_eyes, pan_blood_fountain_2, rand_demon_1,
          pan_blood_fountain_small, lemuel_hellion_island, evilmike_holy_pan,
          grunt_pan_spiral, rand_demon_7, pan_blood_fountain_small,
          rand_demon_2, nicolae_pan_sigil_itan, rand_demon_2,
          evilmike_mini_pan_3x3, grunt_pan_in_and_out, gloorx_vloq_st,
          evilmike_cerebov_lava, rand_demon_2, nicolae_pan_sigil_nadil,
          grunt_pan_in_and_out, pan_blood_fountain, lom_lobon, rand_demon_3,
          uniq_lom_lobon, pan_blood_fountain
Zig:6:    ziggurat_pillar_centre_smoke
Zig:10:   ziggurat_pillar_centre_dead_trees
Lab:      labyrinth_spiral
Bailey:   bailey_polearm_5, bailey
